Workbook
Name IQ_CH: 110000
Name IQ_CQ: 5000
Name IQ_CY: 10000
Name IQ_DAILY: 500000
Name IQ_FH: 100000
Name IQ_FQ: 500
Name IQ_FY: 1000
Name IQ_LTM: 2000
Name IQ_MONTH: 15000
Name IQ_NTM: 6000
Name IQ_WEEK: 50000
Name IQ_YTD: 3000

Sheet Contents
B2: Title | C2: Deep Sea Mining Project Financial Model - The Metals Company, NORI-D
B3: Client | C3: Environmental Justice Foundation
B4: Author | C4: Nile Kirke
B5: Version | C5: v2.0
B6: Date | C6: 46202
B8: Contents of workbook:
B9: This workbook contains a financial model of the NORI-D deep sea mining project by Nauru Ocean Resources Inc, a subsidiary of The Metals Company. Multiple input variable scenarios are ran.
B15: Information used in the preparation of this workbook is believed to be reliable but has not been verified and no warranty is given as to the accuracy of such information. Public information and industry and statistical data are from sources deemed to be reliable but this workbook makes no representation as to the accuracy or completeness of such information which has been used without further verification. This workbook should not be regarded as suitable to be used or relied on by any third parties. Any such party who obtains access to this workbook or a copy, and chooses to rely on this workbook (or any part of it) will do so at its own risk. To the fullest extent permitted by law, the writers accept no responsibility or liability in respect of this report to any such third party. If any of these terms are invalid or unenforceable, the continuation in full force and effect of the remainder will not be prejudiced. All rights reserved.

Sheet Acronyms
A2: Acronyms
B4: Acronym | C4: Definition
B5: BOP | C5: Beginning of Period
B6: CAPEX | C6: Capital Expenditure
B7: CCZ | C7: Clarion-Clipperton Zone
B8: CIM MES | C8: Management and Economics Society (MES) of CIM (Canadian Institute of Mining, Metallurgy and Petroleum)
B9: Co | C9: Cobalt
B10: CPI | C10: Consumer Price Index
B11: Cu | C11: Copper
B12: dmtu | C12: dry metric tonne unit
B13: DSHMRA | C13: Deep Seabed Hard Mineral Resources Act
B14: DSM | C14: Deep-Sea Mining
B15: EBIT | C15: Earnings Before Interest & Taxes
... B54: WACC | C54: Weighted Average Cost of Capital

Sheet Model structure
A2: Model Structure

Sheet Inputs >>>

Sheet TMC PFS inputs
A2: TMC 2025 PFS Inputs
L3: PP1 | M3: PP2 | N3: 0 | O3: 1 | P3: 2 | Q3: 3 | R3: 4 | S3: 5 | T3: 6 | U3: 7 | V3: 8 | W3: 9 | X3: 10 | Y3: 11 | Z3: 12 | AA3: 13 | AB3: 14 | AC3: 15 | AD3: 16 | AE3: 17 | AF3: 18 | AG3: 19 | AH3: 20 | AI3: 21 | AJ3: 22 | AK3: 23 | AL3: 24 | AM3: 25 | AN3: 26 | AO3: 27 | AP3: 28 | AQ3: 29 | AR3: 30 | AS3: 31 | AT3: 32 | AU3: 33
E4: Row Description | F4: Single figure | G4: Units | H4: Source | I4: Comments | J4: Row Total | L4: 2025 | M4: 2026 | N4: 2027 | O4: 2028 | P4: 2029 | Q4: 2030 | R4: 2031 | S4: 2032 | T4: 2033 | U4: 2034 | V4: 2035 | W4: 2036 | X4: 2037 | Y4: 2038 | Z4: 2039 | AA4: 2040 | AB4: 2041 | AC4: 2042 | AD4: 2043 | AE4: 2044 | AF4: 2045 | AG4: 2046 | AH4: 2047 | AI4: 2048 | AJ4: 2049 | AK4: 2050 | AL4: 2051 | AM4: 2052 | AN4: 2053 | AO4: 2054 | AP4: 2055 | AQ4: 2056 | AR4: 2057 | AS4: 2058 | AT4: 2059 | AU4: 2060
B6: Phase Flags
C8: Development Phase
E9: Development Phase | G9: Binary | H9: Table 19.9 | J9: =SUM($L9:$AU9) -> 2 | L9: 1 | M9: 1
C10: Operations Phase
E11: Operations Phase | G11: Binary | H11: Table 16.4-16.7 | J11: =SUM($L11:$AU11) -> 19 | N11: 1 | O11: 1 | P11: 1 | Q11: 1 | R11: 1 | S11: 1 | T11: 1 | U11: 1 | V11: 1 | W11: 1 | X11: 1 | Y11: 1 | Z11: 1 | AA11: 1 | AB11: 1 | AC11: 1 | AD11: 1 | AE11: 1 | AF11: 1
E12: Sustaining CAPEX incurred (Maintenance) | G12: Binary | H12: Section 12.2.13 | J12: =SUM($L12:$AU12) -> 10 | S12: 1 | T12: 1 | U12: 1 | V12: 1 | X12: 1 | Y12: 1 | Z12: 1 | AA12: 1 | AC12: 1 | AD12: 1
D13: Offtake
E14: Alloy Offtake | G14: Binary | H14: Table 16.4-16.7 | J14: =SUM($L14:$AU14) -> 3 | N14: 1 | O14: 1 | P14: 1
E15: Matte Offtake | G15: Binary | H15: Table 16.4-16.7 | J15: =SUM($L15:$AU15) -> 8 | P15: 1 | Q15: 1 | R15: 1 | S15: 1 | T15: 1 | U15: 1 | V15: 1 | W15: 1
E16: Refined Metals Offtake | G16: Binary | H16: Table 16.4-16.7 | J16: =SUM($L16:$AU16) -> 13 | T16: 1 | U16: 1 | V16: 1 | W16: 1 | X16: 1 | Y16: 1 | Z16: 1 | AA16: 1 | AB16: 1 | AC16: 1 | AD16: 1 | AE16: 1 | AF16: 1
D17: Active Processing Plants
E18: PAMCO | G18: Binary | H18: Section 18.3 | I18: Note Section 18.3: "From Year 6 onwards, Indonesian RKEF plants process 100% of nodule production to produce matte." This suggests that PAMCO are operating in Years 0-5. This contradicts an earlier section which states that PAMCO conduct 5 years of nodule processing. One would assume this is because PAMCO process nodules for around the second half of Year 0 and first half of Year 5. | J18: =SUM($L18:$AU18) -> 6 | N18: 1 | O18: 1 | P18: 1 | Q18: 1 | R18: 1 | S18: 1
E19: Indonesia | G19: Binary | H19: Section 18.3 | J19: =SUM($L19:$AU19) -> 19 | N19: 1 | O19: 1 | P19: 1 | Q19: 1 | R19: 1 | S19: 1 | T19: 1 | U19: 1 | V19: 1 | W19: 1 | X19: 1 | Y19: 1 | Z19: 1 | AA19: 1 | AB19: 1 | AC19: 1 | AD19: 1 | AE19: 1 | AF19: 1
E20: US Refinery 1 | G20: Binary | H20: Section 1.5 & 18.3 | J20: =SUM($L20:$AU20) -> 13 | T20: 1 | U20: 1 | V20: 1 | W20: 1 | X20: 1 | Y20: 1 | Z20: 1 | AA20: 1 | AB20: 1 | AC20: 1 | AD20: 1 | AE20: 1 | AF20: 1
E21: US Refinery 2 | G21: Binary | H21: Section 1.5 & 18.3 | J21: =SUM($L21:$AU21) -> 9 | X21: 1 | Y21: 1 | Z21: 1 | AA21: 1 | AB21: 1 | AC21: 1 | AD21: 1 | AE21: 1 | AF21: 1
C22: Closure/Decommisioning Phase
E23: Decommissioning Phase | G23: Binary | H23: Table 19.9 | J23: =SUM($L23:$AU23) -> 10 | AG23: 1 | AH23: 1 | AI23: 1 | AJ23: 1 | AK23: 1 | AL23: 1 | AM23: 1 | AN23: 1 | AO23: 1 | AP23: 1
B25: Recovery Factors
C27: Nodule Composition
D28: Moisture
E29: Wet nodule moisture content | F29: 0.28 | G29: % | H29: Section 1.4 | I29: mass of water/(mass of solid + mass of water)
D30: Resource grades
E31: Nickel | F31: 0.014 | G31: % | H31: Table 19.8 / Table 11.9 "All" row | I31: % of dry nodule, not wet. Table 1.4 states that "Grades are quoted on a dry basis", given that these grades are almost identical, we assume also dry basis.
E32: Cobalt | F32: 0.0014 | G32: % | H32: Table 19.8 / Table 11.9 "All" row | I32: % of dry nodule, not wet. Table 1.4 states that "Grades are quoted on a dry basis", given that these grades are almost identical, we assume also dry basis.
E33: Copper | F33: 0.0114 | G33: % | H33: Table 19.8 / Table 11.9 "All" row | I33: % of dry nodule, not wet. Table 1.4 states that "Grades are quoted on a dry basis", given that these grades are almost identical, we assume also dry basis.
E34: Manganese | F34: 0.3115 | G34: % | H34: Table 19.8 / Table 11.9 "All" row | I34: % of dry nodule, not wet. Table 1.4 states that "Grades are quoted on a dry basis", given that these grades are almost identical, we assume also dry basis.
C36: Nodule Metals Recovery
D37: Nodule to Alloy
E38: Nickel | F38: 0.9691 | G38: % | H38: Table 16.2 & 19.8
E39: Cobalt | F39: 0.9306 | G39: % | H39: Table 16.2 & 19.8
E40: Copper | F40: 0.9355 | G40: % | H40: Table 16.2 & 19.8
D41: Nodule to Matte
E42: Nickel | F42: 0.9476 | G42: % | H42: Table 16.2 & 19.8
E43: Cobalt | F43: 0.7754 | G43: % | H43: Table 16.2 & 19.8
E44: Copper | F44: 0.8643 | G44: % | H44: Table 16.2 & 19.8
D45: Nodule to Sulfate/Cathode
E46: Nickel (sulfate) | F46: 0.946 | G46: % | H46: Table 16.2 & 19.8
E47: Cobalt (sulfate) | F47: 0.772 | G47: % | H47: Table 16.2 & 19.8
E48: Copper (cathode) | F48: 0.862 | G48: % | H48: Table 16.2 & 19.8
D49: Nodule to Manganese Silicate
E50: Manganese Silicate | F50: 0.989 | G50: % | H50: Table 16.2 & 19.8
B52: Prices
C54: Payability Factors | I54: % of the metal price which the metal in a given form can be sold for
D55: Metal in Alloy
E56: Nickel | F56: 0.65 | G56: % | H56: Table 16.3 & 19.8
E57: Cobalt | F57: 0.42 | G57: % | H57: Table 16.3 & 19.8 | I57: NOTE: Table 16.3 gives the cobalt alloy payable terms by year. It is the only case in which payable terms vary by year (42% / 43% / 45% for 2027–2031 / 2032–2036 / 2037–2045). However given that alloys are only sold in the years 2027-29, we can take the Co alloy payability to be 42%.
E58: Copper | F58: 0.5998 | G58: % | H58: Table 16.3 & 19.8
D59: Metal in Matte
E60: Nickel | F60: 0.8 | G60: % | H60: Table 16.3 & 19.8
E61: Cobalt | F61: 0.6 | G61: % | H61: Table 16.3 & 19.8
E62: Copper | F62: 0.7 | G62: % | H62: Table 16.3 & 19.8
D63: Metal in Sulfate/Cathode
E64: Nickel (sulfate) | F64: 1 | G64: % | H64: Table 16.3 & 19.8
E65: Cobalt (sulfate) | F65: 1 | G65: % | H65: Table 16.3 & 19.8
E66: Copper (cathode) | F66: 1 | G66: % | H66: Table 16.3 & 19.8
D67: Manganese Silicate
E68: Manganese Silicate | F68: 1 | G68: % | H68: Table 16.3 & 19.8
C70: Metal Prices | I70: Note: Products are sold in the same year they are produced (Section 19.3)
D71: Pure metal prices (LME)
E72: Nickel | G72: US$/t | H72: Table 19.9 | I72: Class 1 LME | N72: 18833 | O72: 18833 | P72: 18833 | Q72: 18833 | R72: 18833 | S72: 20706 | T72: 20706 | U72: 20706 | V72: 20706 | W72: 20706 | X72: 20360 | Y72: 20360 | Z72: 20360 | AA72: 20360 | AB72: 20360 | AC72: 20360 | AD72: 20360 | AE72: 20360 | AF72: 20360
E73: Cobalt | G73: US$/t | H73: Table 19.9 | I73: LME | N73: 34172 | O73: 34172 | P73: 34172 | Q73: 34172 | R73: 34172 | S73: 53124 | T73: 53124 | U73: 53124 | V73: 53124 | W73: 53124 | X73: 62530 | Y73: 62530 | Z73: 62530 | AA73: 62530 | AB73: 62530 | AC73: 62530 | AD73: 62530 | AE73: 62530 | AF73: 62530
E74: Copper | G74: US$/t | H74: Table 19.9 | I74: Class 1 LME | N74: 11317 | O74: 11317 | P74: 11317 | Q74: 11317 | R74: 11317 | S74: 11456 | T74: 11456 | U74: 11456 | V74: 11456 | W74: 11456 | X74: 11456 | Y74: 11456 | Z74: 11456 | AA74: 11456 | AB74: 11456 | AC74: 11456 | AD74: 11456 | AE74: 11456 | AF74: 11456
D75: Manganese
E76: Manganese Silicate | G76: US$/t | H76: Table 19.9 | N76: 529 | O76: 529 | P76: 529 | Q76: 529 | R76: 529 | S76: 544 | T76: 544 | U76: 544 | V76: 544 | W76: 544 | X76: 544 | Y76: 550 | Z76: 550 | AA76: 550 | AB76: 550 | AC76: 550 | AD76: 550 | AE76: 550 | AF76: 550
E77: Manganese Silicate | G77: US$/dmtu | H77: Table 19.9 | N77: 5.29 | O77: 5.29 | P77: 5.29 | Q77: 5.29 | R77: 5.29 | S77: 5.44 | T77: 5.44 | U77: 5.44 | V77: 5.44 | W77: 5.44 | X77: 5.44 | Y77: 5.5 | Z77: 5.5 | AA77: 5.5 | AB77: 5.5 | AC77: 5.5 | AD77: 5.5 | AE77: 5.5 | AF77: 5.5
D78: Sulfates
E79: Nickel Sulfate | G79: US$/t | H79: Table 19.9 | I79: 100% contained Ni basis | N79: 19623 | O79: 19623 | P79: 19623 | Q79: 19623 | R79: 19623 | S79: 22007 | T79: 22007 | U79: 22007 | V79: 22007 | W79: 22007 | X79: 21835 | Y79: 21835 | Z79: 21835 | AA79: 21835 | AB79: 21835 | AC79: 21835 | AD79: 21835 | AE79: 21835 | AF79: 21835
E80: Cobalt Sulfate | G80: US$/t | H80: Table 19.9 | I80: 100% contained Co basis | N80: 31347 | O80: 31347 | P80: 31347 | Q80: 31347 | R80: 31347 | S80: 51336 | T80: 51336 | U80: 51336 | V80: 51336 | W80: 51336 | X80: 62530 | Y80: 62530 | Z80: 62530 | AA80: 62530 | AB80: 62530 | AC80: 62530 | AD80: 62530 | AE80: 62530 | AF80: 62530
B82: Production & Offtake Volumes
C84: Production Vehicles
D85: Year Online
E86: PV1 (Hidden Gem) | F86: 2027 | G86: year | H86: Section 18.3
E87: PV2 | F87: 2030 | G87: year | H87: Section 18.3
E88: PV3 | F88: 2031 | G88: year | H88: Section 18.3
E89: PV4 | F89: 2031 | G89: year | H89: Section 18.3
C91: Nodule extraction
E92: Nodule Abundance for which collector is designed for | F92: 17 | G92: kg/m2 of seafloor | H92: Section 12.2.7
E93: Total Wet Nodules Collected | G93: Mwtpa | H93: Table 12.13 | J93: =SUM($L93:$AU93) -> 164.1 | N93: 0.2 | O93: 1 | P93: 2 | Q93: 5 | R93: 11 | S93: 10.5 | T93: 10.5 | U93: 10.5 | V93: 10.5 | W93: 12 | X93: 10.5 | Y93: 10.5 | Z93: 10.5 | AA93: 10.5 | AB93: 12 | AC93: 10.5 | AD93: 10.5 | AE93: 10.5 | AF93: 5.4 | AG93: 0 | AH93: 0 | AI93: 0 | AJ93: 0 | AK93: 0 | AL93: 0 | AM93: 0 | AN93: 0 | AO93: 0 | AP93: 0 | AQ93: 0 | AR93: 0 | AS93: 0 | AT93: 0 | AU93: 0
E94: Adjustment for abundance | F94: 1
C96: Processing Capacities
D97: Alloy/Matte Production
E98: PAMCO (Japan) | F98: 1.3 | G98: Mwtpa | H98: Section 1.5
E99: Proportion of nodules processed by PAMCO which are processed to matte (rather than just alloy) | G99: % | H99: Estimate based on Table 16.4/16.5 | I99: Whilst we don't know what this figure is exactly for the year 2029, 0.5 seems to be a good approximation given the final payable metal volumes are similar to the PFS | L99: 0 | M99: 0 | N99: 0 | O99: 0 | P99: 0.5 | Q99: 1 | R99: 1 | S99: 1 | T99: 1 | U99: 1 | V99: 1 | W99: 1 | X99: 1 | Y99: 1 | Z99: 1 | AA99: 1 | AB99: 1 | AC99: 1 | AD99: 1 | AE99: 1 | AF99: 1 | AG99: 1 | AH99: 1 | AI99: 1 | AJ99: 1 | AK99: 1 | AL99: 1 | AM99: 1 | AN99: 1 | AO99: 1 | AP99: 1 | AQ99: 1 | AR99: 1 | AS99: 1 | AT99: 1 | AU99: 1
E100: Indonesian RKEF | F100: =_xlfn.MAXIFS($L$93:$AU$93,$L$19:$AU$19,"=1") -> 12 | G100: Mwtpa | H100: Section 1.5 | I100: No limit is specified
D101: Refined Metals Production
E102: US - Unit 1 | F102: 6 | G102: Mwtpa | H102: Section 1.5
E103: US - Unit 2 | F103: 6 | G103: Mwtpa | H103: Table 19.2
C105: Nodule Processing Volumes by Plant
D106: Alloy/Matte Production
E107: PAMCO (Japan) | G107: Mwtpa | J107: =SUM($L107:$AU107) -> 6.4 | L107: =L18*MIN($F98,L$93) -> 0 | M107: =M18*MIN($F98,M$93) -> 0 | N107: =N18*MIN($F98,N$93) -> 0.2 | O107: =O18*MIN($F98,O$93) -> 1 | P107: =P18*MIN($F98,P$93) -> 1.3 | Q107: =Q18*MIN($F98,Q$93) -> 1.3 | R107: =R18*MIN($F98,R$93) -> 1.3 | S107: =S18*MIN($F98,S$93) -> 1.3 | ... AU107: =AU18*MIN($F98,AU$93) -> 0
E108: Indonesian RKEF | G108: Mwtpa | J108: =SUM($L108:$AU108) -> 157.7 | L108: =L19*MIN($F100,L$93)-L107 -> 0 | M108: =M19*MIN($F100,M$93)-M107 -> 0 | N108: =N19*MIN($F100,N$93)-N107 -> 0 | O108: =O19*MIN($F100,O$93)-O107 -> 0 | P108: =P19*MIN($F100,P$93)-P107 -> 0.7 | Q108: =Q19*MIN($F100,Q$93)-Q107 -> 3.7 | R108: =R19*MIN($F100,R$93)-R107 -> 9.7 | S108: =S19*MIN($F100,S$93)-S107 -> 9.2 | ... AU108: =AU19*MIN($F100,AU$93)-AU107 -> 0
D109: Refined Metals Production
E110: US - Unit 1 | G110: Mwtpa | J110: =SUM($L110:$AU110) -> 77.4 | L110: =L20*MIN($F102,L$93) -> 0 | M110: =M20*MIN($F102,M$93) -> 0 | N110: =N20*MIN($F102,N$93) -> 0 | O110: =O20*MIN($F102,O$93) -> 0 | P110: =P20*MIN($F102,P$93) -> 0 | Q110: =Q20*MIN($F102,Q$93) -> 0 | R110: =R20*MIN($F102,R$93) -> 0 | S110: =S20*MIN($F102,S$93) -> 0 | ... AU110: =AU20*MIN($F102,AU$93) -> 0
E111: US - Unit 2 | G111: Mwtpa | J111: =SUM($L111:$AU111) -> 37.5 | L111: =L21*MIN($F103,L$93-L$110) -> 0 | M111: =M21*MIN($F103,M$93-M$110) -> 0 | N111: =N21*MIN($F103,N$93-N$110) -> 0 | O111: =O21*MIN($F103,O$93-O$110) -> 0 | P111: =P21*MIN($F103,P$93-P$110) -> 0 | Q111: =Q21*MIN($F103,Q$93-Q$110) -> 0 | R111: =R21*MIN($F103,R$93-R$110) -> 0 | S111: =S21*MIN($F103,S$93-S$110) -> 0 | ... AU111: =AU21*MIN($F103,AU$93-AU$110) -> 0
E112: US - Total | G112: Mwtpa | J112: =SUM($L112:$AU112) -> 114.9 | L112: =L110+L111 -> 0 | M112: =M110+M111 -> 0 | N112: =N110+N111 -> 0 | O112: =O110+O111 -> 0 | P112: =P110+P111 -> 0 | Q112: =Q110+Q111 -> 0 | R112: =R110+R111 -> 0 | S112: =S110+S111 -> 0 | ... AU112: =AU110+AU111 -> 0
C114: Nodule Processing Volumes by End Product
E115: Alloy | G115: Mwtpa | I115: In all cases, the final Manganese product is the same, but the final nickel/copper/cobalt product is different | J115: =SUM($L115:$AU115) -> 1.85 | L115: =L107*(1-L99) -> 0 | M115: =M107*(1-M99) -> 0 | N115: =N107*(1-N99) -> 0.2 | O115: =O107*(1-O99) -> 1 | P115: =P107*(1-P99) -> 0.65 | Q115: =Q107*(1-Q99) -> 0 | R115: =R107*(1-R99) -> 0 | S115: =S107*(1-S99) -> 0 | ... AU115: =AU107*(1-AU99) -> 0
...

Sheet Scenario Selector
A2: Scenario Selector & Comparison
L3: PP1 | M3: PP2 | N3: 0 | O3: 1 | P3: 2 | Q3: 3 | R3: 4 | S3: 5 | T3: 6 | U3: 7 | V3: 8 | W3: 9 | X3: 10 | Y3: 11 | Z3: 12 | AA3: 13 | AB3: 14 | AC3: 15 | AD3: 16 | AE3: 17 | AF3: 18 | AG3: 19 | AH3: 20 | AI3: 21 | AJ3: 22 | AK3: 23 | AL3: 24 | AM3: 25 | AN3: 26 | AO3: 27 | AP3: 28 | AQ3: 29 | AR3: 30 | AS3: 31 | AT3: 32 | AU3: 33
E4: Row Description | F4: Single figure | G4: Units | H4: Source | I4: Comments | J4: Row Total | L4: 2025 | M4: 2026 | N4: 2027 | O4: 2028 | P4: 2029 | Q4: 2030 | R4: 2031 | S4: 2032 | T4: 2033 | U4: 2034 | V4: 2035 | W4: 2036 | X4: 2037 | Y4: 2038 | Z4: 2039 | AA4: 2040 | AB4: 2041 | AC4: 2042 | AD4: 2043 | AE4: 2044 | AF4: 2045 | AG4: 2046 | AH4: 2047 | AI4: 2048 | AJ4: 2049 | AK4: 2050 | AL4: 2051 | AM4: 2052 | AN4: 2053 | AO4: 2054 | AP4: 2055 | AQ4: 2056 | AR4: 2057 | AS4: 2058 | AT4: 2059 | AU4: 2060
B6: Guidance
E7: This tab allows you to toggle the inputs selected in the project financial model. Inputs are toggled individually using drop-down boxes (highlighted in blue). To run the PFS 2025 scenario, ensure that, for all inputs, the PFS 2025 scenario is selected. To run the Likely Scenario scenario, ensure that, for all inputs, the Likely Scenario scenario is selected, or if this is not an option, then select the PFS 2025 scenario. To run the Conservative Scenario scenario, ensure that for all inputs, Conservative Scenario is selected, and if this is not an option, then select Likely Scenario.
D9: Scenarios in this model:
E10: PFS 2025 | F10: Using inputs directly from the 2025 PFS
E11: Likely Scenario | F11: Relies on scientific studies to challenge certain technical, geological or chemical assumptions. Price or cost-related projections are neutral, based on historical averages (eg: historical 4-year trailing median prices or average costs based on available benchmarks)
E12: Conservative Scenario | F12: Reflects market risks facing the project and additional unconsidered costs the project is at risk of incurring. Considers risks which the author believes to be material and plausible, but not necessarily probable. Price assumptions for Nickel, Cobalt and Copper are based on forward markets blended with the trailing 4-year lower quartile of historical prices.
B14: Financial Assumptions
C16: Discount Rate
E17: PFS 2025 | F17: ='TMC PFS inputs'!F258 -> 0.08 | G17: %
E18: Likely Scenario | F18: ='Discount Rate'!F32 -> 0.1818 | G18: % | I18: See Discount Rate tab
E19: Conservative Scenario | F19: ='Discount Rate'!F40 -> 0.21329855 | G19: % | I19: See Discount Rate tab
E20: Selected Scenario:
E21: PFS 2025 | F21: =_xlfn.XLOOKUP($E21,$E17:$E19,F17:F19) -> 0.08 | G21: %
B23: Metal Grades
D25: Nickel
E26: PFS 2025 | F26: ='TMC PFS inputs'!F31 -> 0.014 | G26: %
E27: Conservative Scenario | F27: ='Nodule Characteristics'!F14 -> 0.0128 | G27: % | H27: PFS Table 5.1 (historical FFG samples) - taking mean for NORI D area
E28: Selected Scenario:
E29: PFS 2025 | F29: =_xlfn.XLOOKUP($E29,$E26:$E27,F26:F27) -> 0.014 | G29: %
D30: Cobalt
E31: PFS 2025 | F31: ='TMC PFS inputs'!F32 -> 0.0014 | G31: %
E32: Conservative Scenario | F32: ='Nodule Characteristics'!F19 -> 0.0012 | G32: % | H32: PFS Table 5.1 (historical FFG samples) - taking mean for NORI D area
E33: Selected Scenario:
E34: PFS 2025 | F34: =_xlfn.XLOOKUP($E34,$E31:$E32,F31:F32) -> 0.0014 | G34: %
D35: Copper
E36: PFS 2025 | F36: ='TMC PFS inputs'!F33 -> 0.0114 | G36: %
E37: Conservative Scenario | F37: ='Nodule Characteristics'!F24 -> 0.0114 | G37: % | H37: PFS Table 5.1 (historical FFG samples) - taking mean for NORI D area
E38: Selected Scenario:
E39: PFS 2025 | F39: =_xlfn.XLOOKUP($E39,$E36:$E37,F36:F37) -> 0.0114 | G39: %
D40: Manganese
E41: PFS 2025 | F41: ='TMC PFS inputs'!F34 -> 0.3115 | G41: %
E42: Conservative Scenario | F42: ='Nodule Characteristics'!F29 -> 0.3058 | G42: % | H42: PFS Table 5.1 (historical FFG samples) - taking mean for NORI D area
E43: Selected Scenario:
E44: PFS 2025 | F44: =_xlfn.XLOOKUP($E44,$E41:$E42,F41:F42) -> 0.3115 | G44: %
B46: Recovery Factors
C48: Nickel
D49: Recovery to Alloy
E50: PFS 2025 | F50: ='TMC PFS inputs'!F38 -> 0.9691 | G50: %
E51: Likely Scenario | F51: ='Recovery Rates'!F16 -> 0.93375 | G51: % | H51: See Recovery Rates sheet
E52: Selected Scenario:
E53: PFS 2025 | F53: =_xlfn.XLOOKUP($E53,$E50:$E51,F50:F51) -> 0.9691 | G53: %
D54: Recovery to Matte
E55: PFS 2025 | F55: ='TMC PFS inputs'!F42 -> 0.9476 | G55: %
E56: Likely Scenario | F56: ='Recovery Rates'!F26 -> 0.90125 | G56: % | H56: See Recovery Rates sheet
E57: Selected Scenario:
E58: PFS 2025 | F58: =_xlfn.XLOOKUP($E58,$E55:$E56,F55:F56) -> 0.9476 | G58: %
D59: Resulting Downstream Recoveries
E60: Recovery to Sulfate | F60: ='TMC PFS inputs'!F46*F58/F55 -> 0.946 | G60: % | H60: Section 14.3 | I60: Given the processing chain described in Section 14.3 and outlined in Figure 14.3 of the PFS, nickel sulfate production is downstream of matte production. Therefore, (nodule → sulfate recovery) = (nodule → matte recovery) x (matte → sulfate refining recovery).
C62: Cobalt
D63: Recovery to Alloy
E64: PFS 2025 | F64: ='TMC PFS inputs'!F39 -> 0.9306 | G64: %
E65: Likely Scenario | F65: ='Recovery Rates'!F32 -> 0.8125 | G65: % | H65: See Recovery Rates sheet
E66: Selected Scenario:
E67: PFS 2025 | F67: =_xlfn.XLOOKUP($E67,$E64:$E65,F64:F65) -> 0.9306 | G67: %
D68: Resulting Downstream Recoveries
E69: Recovery to Matte | F69: ='TMC PFS inputs'!F43*F67/F64 -> 0.7754 | G69: % | H69: Section 14.3 | I69: Given the chain of processing described in Section 14.3 and outlined in Figure 14.3 of the PFS, we have (nodule → matte recovery) = (nodule → alloy recovery) x (alloy → matte recovery)
E70: Recovery to Sulfate | F70: ='TMC PFS inputs'!F47*F67/F64 -> 0.772 | G70: % | I70: ^and similarly for recovery to Sulfate
C72: Copper
D73: Recovery to Alloy
E74: PFS 2025 | F74: ='TMC PFS inputs'!F40 -> 0.9355 | G74: %
E75: Likely Scenario | F75: ='Recovery Rates'!F37 -> 0.91 | G75: % | H75: See Recovery Rates sheet
E76: Selected Scenario:
E77: PFS 2025 | F77: =_xlfn.XLOOKUP($E77,$E74:$E75,F74:F75) -> 0.9355
D78: Resulting Downstream Recoveries
E79: Recovery to Matte | F79: ='TMC PFS inputs'!F44*F77/F74 -> 0.8643 | H79: Section 14.3 | I79: Given the chain of processing described in Section 14.3 and outlined in Figure 14.3 of the PFS, we have (nodule → matte recovery) = (nodule → alloy recovery) x (alloy → matte recovery)
E80: Recovery to Cathode | F80: ='TMC PFS inputs'!F48*F77/F74 -> 0.862 | I80: ^and similarly for recovery to cathode
B82: Production & Offtake assumptions
C84: Nodule Production
D85: Mass of wet nodules mined per year
E86: PFS 2025 | J86: =SUM($L86:$AU86) -> 164.1 | L86: ='TMC PFS inputs'!L93 -> 0 | M86: ='TMC PFS inputs'!M93 -> 0 | N86: ='TMC PFS inputs'!N93 -> 0.2 | O86: ='TMC PFS inputs'!O93 -> 1 | P86: ='TMC PFS inputs'!P93 -> 2 | Q86: ='TMC PFS inputs'!Q93 -> 5 | R86: ='TMC PFS inputs'!R93 -> 11 | S86: ='TMC PFS inputs'!S93 -> 10.5 | ... AU86: ='TMC PFS inputs'!AU93 -> 0
E87: Likely Scenario | H87: Section 5.1 of Allseas Contract https://investors.metals.co/static-files/08da9d87-76ef-4f58-9623-01c3fbe4bc86 | I87: This case applies the revised Allseas ramp-up profile to each future production system. While the contract initially covers the first production system, comprising the Hidden Gem and collection system with a nominal capacity of 3.0 Mtpa, it also states that the parties intend the contract to “form the foundation for future scaling up and continuation of production, to an ultimate greater production capacity, as per the Life-of-Mine Plan.” The contract further states that the parties’ “ultimate aim is to maintain a long-term strategic partnership” for production in the licence area. On this basis, the model assumes that the same staged ramp-up profile used for the first production system (which itself already differs from the ramp-up stated in the PFS up to 2030) is also a reasonable proxy for future PVs. | J87: =SUM($L87:$AU87) -> 152.9 | L87: ='Production Ramp-Up'!L14 -> 0 | M87: ='Production Ramp-Up'!M14 -> 0 | N87: ='Production Ramp-Up'!N14 -> 0 | O87: ='Production Ramp-Up'!O14 -> 1 | P87: ='Production Ramp-Up'!P14 -> 1.5 | Q87: ='Production Ramp-Up'!Q14 -> 3 | R87: ='Production Ramp-Up'!R14 -> 6 | S87: ='Production Ramp-Up'!S14 -> 8 | ... AU87: ='Production Ramp-Up'!AU14 -> 0
E88: Selected Scenario:
E89: PFS 2025 | J89: =SUM($L89:$AU89) -> 164.1 | L89: =_xlfn.XLOOKUP($E89,$E86:$E87,L86:L87) -> 0 | M89: =_xlfn.XLOOKUP($E89,$E86:$E87,M86:M87) -> 0 | N89: =_xlfn.XLOOKUP($E89,$E86:$E87,N86:N87) -> 0.2 | O89: =_xlfn.XLOOKUP($E89,$E86:$E87,O86:O87) -> 1 | P89: =_xlfn.XLOOKUP($E89,$E86:$E87,P86:P87) -> 2 | Q89: =_xlfn.XLOOKUP($E89,$E86:$E87,Q86:Q87) -> 5 | R89: =_xlfn.XLOOKUP($E89,$E86:$E87,R86:R87) -> 11 | S89: =_xlfn.XLOOKUP($E89,$E86:$E87,S86:S87) -> 10.5 | ... AU89: =_xlfn.XLOOKUP($E89,$E86:$E87,AU86:AU87) -> 0
C91: Abundance
D92: Adjustment to extraction for lower abundance
E93: PFS 2025 | F93: ='TMC PFS inputs'!F94 -> 1 | G93: %
E94: Conservative Scenario | F94: 0.95 | G94: % | H94: Table 5.1 - taking mean for NORI D area | I94: Nodule extraction has been reduced by 5% in the Conservative Scenario only, to reflect the possible risk that lower nodule abundance may not be fully offset operationally. The PFS uses a collector design abundance of 17.0 kg/m², but Table 5.1 indicates historical abundance of approximately 14.1 kg/m² sample supplied by Pioneer Investor. The Pioneer Investor dataset was not used in the 2025 Mineral Resource estimate. However, the historical samples provide an independent reference point for NORI Area D nodule abundances which we are using as a conservastive-case figure. Section 12.2.7 states that lower abundance can potentially be compensated through higher collection speed, meaning that we do not reduce nodule production by the same factor for which abundance has been reduced in the Conservative Scenario. However, the PFS also states that further path simulator and Monte Carlo tool development will be used to confirm that production from lower-abundance areas does not impact achievement of yearly production targets, meaning this compensation assumption has not yet been proven. At 14.1 kg/m², maintaining full production would require increasing collection speed from 0.4 m/s to around 0.482 m/s, close to the maximum of 0.5 m/s. Given this limited buffer, the Conservative Scenario assumes partial rather than full compensation. A conservative 95.0% extraction factor is therefore applied.
E95: Selected Scenario:
E96: PFS 2025 | F96: =_xlfn.XLOOKUP($E96,$E93:$E94,F93:F94) -> 1 | G96: %
B99: Prices | H99: https://mrmr.cim.org/media/1145/2020_cim_guidance_on_commodity_pricing_may2022.pdf | I99: For Nickel, Cobalt and Copper: In the Likely Scenario, we take the metal forward Price, which settles to the 4-year trailing historical median (in real 30 June 2025 terms). In the Conservative Scenario, we do the same but settle to the historical lower quartile. This methodology is intended to align with recognised mining valuation practice: The 2020 CIM Guidance on Commodity Pricing and Other Issues related to Mineral Resource and Mineral Reserve Estimation and Reporting does not state that any one price projection method is superior to others. However, it identifies historical average pricing as an accepted method for selecting commodity price assumptions for Mineral Resource and Mineral Reserve estimation. This includes "short term" averages such as three-year averages or less (even taking simply the spot price), or "lonmg-term" averages (more than 5 years). Therefore the author believes a four-year average is acceptable. Manganese silicate is treated separately because it is a nascent product with limited market acceptance and an opaque pricing basis; no directly observable forward curve or established traded market price is available, so the model uses a manganese ore proxy with separate adjustments for product-specific marketability and realisation risk.
D101: Nickel | I101: Nickel Class 1 LME
E102: PFS 2025 | G102: US$/t | N102: ='TMC PFS inputs'!N72 -> 18833 | O102: ='TMC PFS inputs'!O72 -> 18833 | P102: ='TMC PFS inputs'!P72 -> 18833 | Q102: ='TMC PFS inputs'!Q72 -> 18833 | R102: ='TMC PFS inputs'!R72 -> 18833 | S102: ='TMC PFS inputs'!S72 -> 20706 | T102: ='TMC PFS inputs'!T72 -> 20706 | U102: ='TMC PFS inputs'!U72 -> 20706 | ... AF102: ='TMC PFS inputs'!AF72 -> 20360
E103: Likely Scenario | G103: US$/t | I103: Forward Price settling to 4-year trailing historical median (in real terms) | N103: ='Metals Prices - Likely'!N24 -> 17423.182 | O103: ='Metals Prices - Likely'!O24 -> 17525.787 | P103: ='Metals Prices - Likely'!P24 -> 17726.827 | Q103: ='Metals Prices - Likely'!Q24 -> 17694.953 | R103: ='Metals Prices - Likely'!R24 -> 17663.08 | S103: ='Metals Prices - Likely'!S24 -> 17631.206 | T103: ='Metals Prices - Likely'!T24 -> 17599.332 | U103: ='Metals Prices - Likely'!U24 -> 17567.459 | ... AF103: ='Metals Prices - Likely'!AF24 -> 17567.459
E104: Conservative Scenario | G104: US$/t | I104: Forward Price settling to 4-year trailing historical lower quartile (in real terms) | N104: ='Metals Prices - Conservative'!N25 -> 17423.182 | O104: ='Metals Prices - Conservative'!O25 -> 17525.787 | P104: ='Metals Prices - Conservative'!P25 -> 17726.827 | Q104: ='Metals Prices - Conservative'!Q25 -> 17368.073 | R104: ='Metals Prices - Conservative'!R25 -> 17009.318 | S104: ='Metals Prices - Conservative'!S25 -> 16650.564 | T104: ='Metals Prices - Conservative'!T25 -> 16291.81 | U104: ='Metals Prices - Conservative'!U25 -> 15933.055 | ... AF104: ='Metals Prices - Conservative'!AF25 -> 15933.055
E105: Selected Scenario:
E106: PFS 2025 | G106: US$/t | N106: =_xlfn.XLOOKUP($E106,$E102:$E104,N102:N104) -> 18833 | O106: =_xlfn.XLOOKUP($E106,$E102:$E104,O102:O104) -> 18833 | P106: =_xlfn.XLOOKUP($E106,$E102:$E104,P102:P104) -> 18833 | Q106: =_xlfn.XLOOKUP($E106,$E102:$E104,Q102:Q104) -> 18833 | R106: =_xlfn.XLOOKUP($E106,$E102:$E104,R102:R104) -> 18833 | S106: =_xlfn.XLOOKUP($E106,$E102:$E104,S102:S104) -> 20706 | T106: =_xlfn.XLOOKUP($E106,$E102:$E104,T102:T104) -> 20706 | U106: =_xlfn.XLOOKUP($E106,$E102:$E104,U102:U104) -> 20706 | ... AF106: =_xlfn.XLOOKUP($E106,$E102:$E104,AF102:AF104) -> 20360
D107: Nickel Sulfate Premium | I107: Defined as % premium (or discount if negative) of the price of 1 tonne of nickel contained in nickel sulfate vs LME price of nickel per tonne
E108: PFS 2025 | G108: % | I108: NOTE: this scenario assumes the same nickel sulfate premium as the PFS. If the PFS case is not selected for the Nickel price, then the Nickel sulfate price will not be the same as the PFS, even if the PFS case is selected here. | N108: ='TMC PFS inputs'!N79/'TMC PFS inputs'!N72 -1 -> 0.041947645 | O108: ='TMC PFS inputs'!O79/'TMC PFS inputs'!O72 -1 -> 0.041947645 | P108: ='TMC PFS inputs'!P79/'TMC PFS inputs'!P72 -1 -> 0.041947645 | Q108: ='TMC PFS inputs'!Q79/'TMC PFS inputs'!Q72 -1 -> 0.041947645 | R108: ='TMC PFS inputs'!R79/'TMC PFS inputs'!R72 -1 -> 0.041947645 | S108: ='TMC PFS inputs'!S79/'TMC PFS inputs'!S72 -1 -> 0.062832029 | T108: ='TMC PFS inputs'!T79/'TMC PFS inputs'!T72 -1 -> 0.062832029 | U108: ='TMC PFS inputs'!U79/'TMC PFS inputs'!U72 -1 -> 0.062832029 | ... AF108: ='TMC PFS inputs'!AF79/'TMC PFS inputs'!AF72 -1 -> 0.072445972
E109: Likely Scenario | G109: % | I109: Author believes the PFS premium is reasonable | N109: =N108 -> 0.041947645 | O109: =O108 -> 0.041947645 | P109: =P108 -> 0.041947645 | Q109: =Q108 -> 0.041947645 | R109: =R108 -> 0.041947645 | S109: =S108 -> 0.062832029 | T109: =T108 -> 0.062832029 | U109: =U108 -> 0.062832029 | ... AF109: =AF108 -> 0.072445972
E110: Conservative Scenario | G110: % | H110: https://fpxnickel.com/wp-content/uploads/263522_0000_BA00_RPT_0001_RA.pdf & https://news.metal.com/newscontent/103958014-SMM-Analysis-June-Nickel-Sulphate-Market-Analysis-Price-Under-Pressure-from-Rising-Costs-and-Supply-Demand-Mismatch | I110: We have taken the Low Case premium in FPX Nickel's Awaruite Refinery project. SMM’s June 2026 analysis states that battery-grade nickel sulphate prices were "not optimistic" despite high MHP payables and high downstream production schedules, citing weakening cost support, front-loaded downstream stockpiling, increased import supplementation and higher volumes of nickel sulphate converted from refined nickel. SMM also notes that if the high premium persists, refined nickel producers may expand conversion into nickel sulfate, "thus impacting the nickel sulphate market from the supply side." This supports reducing the PFS assumed premium. | N110: 0.011740847 | O110: 0.011740847 | P110: 0.011740847 | Q110: 0.011740847 | R110: 0.011740847 | S110: 0.011740847 | T110: 0.011740847 | U110: 0.011740847 | V110: 0.011740847 | W110: 0.011740847 | X110: 0.011740847 | Y110: 0.011740847 | Z110: 0.011740847 | AA110: 0.011740847 | AB110: 0.011740847 | AC110: 0.011740847 | AD110: 0.011740847 | AE110: 0.011740847 | AF110: 0.011740847
E111: Selected Scenario:
E112: PFS 2025 | G112: US$/t | N112: =_xlfn.XLOOKUP($E112,$E108:$E110,N108:N110) -> 0.041947645 | O112: =_xlfn.XLOOKUP($E112,$E108:$E110,O108:O110) -> 0.041947645 | P112: =_xlfn.XLOOKUP($E112,$E108:$E110,P108:P110) -> 0.041947645 | Q112: =_xlfn.XLOOKUP($E112,$E108:$E110,Q108:Q110) -> 0.041947645 | R112: =_xlfn.XLOOKUP($E112,$E108:$E110,R108:R110) -> 0.041947645 | S112: =_xlfn.XLOOKUP($E112,$E108:$E110,S108:S110) -> 0.062832029 | T112: =_xlfn.XLOOKUP($E112,$E108:$E110,T108:T110) -> 0.062832029 | U112: =_xlfn.XLOOKUP($E112,$E108:$E110,U108:U110) -> 0.062832029 | ... AF112: =_xlfn.XLOOKUP($E112,$E108:$E110,AF108:AF110) -> 0.072445972
D113: Cobalt | I113: Cobalt LME
E114: PFS 2025 | G114: US$/t | N114: ='TMC PFS inputs'!N73 -> 34172 | O114: ='TMC PFS inputs'!O73 -> 34172 | P114: ='TMC PFS inputs'!P73 -> 34172 | Q114: ='TMC PFS inputs'!Q73 -> 34172 | R114: ='TMC PFS inputs'!R73 -> 34172 | S114: ='TMC PFS inputs'!S73 -> 53124 | T114: ='TMC PFS inputs'!T73 -> 53124 | U114: ='TMC PFS inputs'!U73 -> 53124 | ... AF114: ='TMC PFS inputs'!AF73 -> 62530
E115: Likely Scenario | G115: US$/t | I115: Forward Price settling to 4-year trailing historical median (in real terms) | N115: ='Metals Prices - Likely'!N60 -> 54189.327 | O115: ='Metals Prices - Likely'!O60 -> 50420.677 | P115: ='Metals Prices - Likely'!P60 -> 46652.027 | Q115: ='Metals Prices - Likely'!Q60 -> 42883.376 | R115: ='Metals Prices - Likely'!R60 -> 39114.726 | S115: ='Metals Prices - Likely'!S60 -> 35346.076 | T115: ='Metals Prices - Likely'!T60 -> 35346.076 | U115: ='Metals Prices - Likely'!U60 -> 35346.076 | ... AF115: ='Metals Prices - Likely'!AF60 -> 35346.076
E116: Conservative Scenario | G116: US$/t | I116: Forward Price settling to 4-year trailing historical lower quartile (in real terms) | N116: ='Metals Prices - Conservative'!N35 -> 54189.327 | O116: ='Metals Prices - Conservative'!O35 -> 49168.11 | P116: ='Metals Prices - Conservative'!P35 -> 44146.892 | Q116: ='Metals Prices - Conservative'!Q35 -> 39125.675 | R116: ='Metals Prices - Conservative'!R35 -> 34104.458 | S116: ='Metals Prices - Conservative'!S35 -> 29083.241 | T116: ='Metals Prices - Conservative'!T35 -> 29083.241 | U116: ='Metals Prices - Conservative'!U35 -> 29083.241 | ... AF116: ='Metals Prices - Conservative'!AF35 -> 29083.241
E117: Selected Scenario:
...

Sheet Active Model Inputs
A2: Model Inputs (Can be changed via the Scenario Selector sheet)
L3: PP1 | M3: PP2 | N3: 0 | O3: 1 | P3: 2 | Q3: 3 | R3: 4 | S3: 5 | T3: 6 | U3: 7 | V3: 8 | W3: 9 | X3: 10 | Y3: 11 | Z3: 12 | AA3: 13 | AB3: 14 | AC3: 15 | AD3: 16 | AE3: 17 | AF3: 18 | AG3: 19 | AH3: 20 | AI3: 21 | AJ3: 22 | AK3: 23 | AL3: 24 | AM3: 25 | AN3: 26 | AO3: 27 | AP3: 28 | AQ3: 29 | AR3: 30 | AS3: 31 | AT3: 32 | AU3: 33
E4: Row Description | F4: Single figure | G4: Units | I4: Comments | J4: Row Total | L4: 2025 | M4: 2026 | N4: 2027 | O4: 2028 | P4: 2029 | Q4: 2030 | R4: 2031 | S4: 2032 | T4: 2033 | U4: 2034 | V4: 2035 | W4: 2036 | X4: 2037 | Y4: 2038 | Z4: 2039 | AA4: 2040 | AB4: 2041 | AC4: 2042 | AD4: 2043 | AE4: 2044 | AF4: 2045 | AG4: 2046 | AH4: 2047 | AI4: 2048 | AJ4: 2049 | AK4: 2050 | AL4: 2051 | AM4: 2052 | AN4: 2053 | AO4: 2054 | AP4: 2055 | AQ4: 2056 | AR4: 2057 | AS4: 2058 | AT4: 2059 | AU4: 2060
B6: Phase Flags
C8: Development Phase
E9: Development Phase | G9: Binary | J9: =SUM($L9:$AU9) -> 2 | L9: ='TMC PFS inputs'!L9 -> 1 | M9: ='TMC PFS inputs'!M9 -> 1 | N9: ='TMC PFS inputs'!N9 -> 0 | O9: ='TMC PFS inputs'!O9 -> 0 | P9: ='TMC PFS inputs'!P9 -> 0 | Q9: ='TMC PFS inputs'!Q9 -> 0 | R9: ='TMC PFS inputs'!R9 -> 0 | S9: ='TMC PFS inputs'!S9 -> 0 | ... AU9: ='TMC PFS inputs'!AU9 -> 0
C10: Operations Phase
E11: Operations Phase | G11: Binary | J11: =SUM($L11:$AU11) -> 19 | L11: ='TMC PFS inputs'!L11 -> 0 | M11: ='TMC PFS inputs'!M11 -> 0 | N11: ='TMC PFS inputs'!N11 -> 1 | O11: ='TMC PFS inputs'!O11 -> 1 | P11: ='TMC PFS inputs'!P11 -> 1 | Q11: ='TMC PFS inputs'!Q11 -> 1 | R11: ='TMC PFS inputs'!R11 -> 1 | S11: ='TMC PFS inputs'!S11 -> 1 | ... AU11: ='TMC PFS inputs'!AU11 -> 0
E12: Sustaining CAPEX incurred (Maintenance) | G12: Binary | J12: =SUM($L12:$AU12) -> 10 | L12: ='TMC PFS inputs'!L12 -> 0 | M12: ='TMC PFS inputs'!M12 -> 0 | N12: ='TMC PFS inputs'!N12 -> 0 | O12: ='TMC PFS inputs'!O12 -> 0 | P12: ='TMC PFS inputs'!P12 -> 0 | Q12: ='TMC PFS inputs'!Q12 -> 0 | R12: ='TMC PFS inputs'!R12 -> 0 | S12: ='TMC PFS inputs'!S12 -> 1 | ... AU12: ='TMC PFS inputs'!AU12 -> 0
D13: Offtake
E14: Alloy Offtake | G14: Binary | J14: =SUM($L14:$AU14) -> 3 | L14: ='TMC PFS inputs'!L14 -> 0 | M14: ='TMC PFS inputs'!M14 -> 0 | N14: ='TMC PFS inputs'!N14 -> 1 | O14: ='TMC PFS inputs'!O14 -> 1 | P14: ='TMC PFS inputs'!P14 -> 1 | Q14: ='TMC PFS inputs'!Q14 -> 0 | R14: ='TMC PFS inputs'!R14 -> 0 | S14: ='TMC PFS inputs'!S14 -> 0 | ... AU14: ='TMC PFS inputs'!AU14 -> 0
E15: Matte Offtake | G15: Binary | J15: =SUM($L15:$AU15) -> 8 | L15: ='TMC PFS inputs'!L15 -> 0 | M15: ='TMC PFS inputs'!M15 -> 0 | N15: ='TMC PFS inputs'!N15 -> 0 | O15: ='TMC PFS inputs'!O15 -> 0 | P15: ='TMC PFS inputs'!P15 -> 1 | Q15: ='TMC PFS inputs'!Q15 -> 1 | R15: ='TMC PFS inputs'!R15 -> 1 | S15: ='TMC PFS inputs'!S15 -> 1 | ... AU15: ='TMC PFS inputs'!AU15 -> 0
E16: Refined Metals Offtake | G16: Binary | J16: =SUM($L16:$AU16) -> 13 | L16: ='TMC PFS inputs'!L16 -> 0 | M16: ='TMC PFS inputs'!M16 -> 0 | N16: ='TMC PFS inputs'!N16 -> 0 | O16: ='TMC PFS inputs'!O16 -> 0 | P16: ='TMC PFS inputs'!P16 -> 0 | Q16: ='TMC PFS inputs'!Q16 -> 0 | R16: ='TMC PFS inputs'!R16 -> 0 | S16: ='TMC PFS inputs'!S16 -> 0 | ... AU16: ='TMC PFS inputs'!AU16 -> 0
D17: Active Processing Plants
E18: PAMCO | G18: Binary | J18: =SUM($L18:$AU18) -> 6 | L18: ='TMC PFS inputs'!L18 -> 0 | M18: ='TMC PFS inputs'!M18 -> 0 | N18: ='TMC PFS inputs'!N18 -> 1 | O18: ='TMC PFS inputs'!O18 -> 1 | P18: ='TMC PFS inputs'!P18 -> 1 | Q18: ='TMC PFS inputs'!Q18 -> 1 | R18: ='TMC PFS inputs'!R18 -> 1 | S18: ='TMC PFS inputs'!S18 -> 1 | ... AU18: ='TMC PFS inputs'!AU18 -> 0
E19: Indonesia | G19: Binary | J19: =SUM($L19:$AU19) -> 19 | L19: ='TMC PFS inputs'!L19 -> 0 | M19: ='TMC PFS inputs'!M19 -> 0 | N19: ='TMC PFS inputs'!N19 -> 1 | O19: ='TMC PFS inputs'!O19 -> 1 | P19: ='TMC PFS inputs'!P19 -> 1 | Q19: ='TMC PFS inputs'!Q19 -> 1 | R19: ='TMC PFS inputs'!R19 -> 1 | S19: ='TMC PFS inputs'!S19 -> 1 | ... AU19: ='TMC PFS inputs'!AU19 -> 0
E20: US Refinery 1 | G20: Binary | J20: =SUM($L20:$AU20) -> 13 | L20: ='TMC PFS inputs'!L20 -> 0 | M20: ='TMC PFS inputs'!M20 -> 0 | N20: ='TMC PFS inputs'!N20 -> 0 | O20: ='TMC PFS inputs'!O20 -> 0 | P20: ='TMC PFS inputs'!P20 -> 0 | Q20: ='TMC PFS inputs'!Q20 -> 0 | R20: ='TMC PFS inputs'!R20 -> 0 | S20: ='TMC PFS inputs'!S20 -> 0 | ... AU20: ='TMC PFS inputs'!AU20 -> 0
E21: US Refinery 2 | G21: Binary | J21: =SUM($L21:$AU21) -> 9 | L21: ='TMC PFS inputs'!L21 -> 0 | M21: ='TMC PFS inputs'!M21 -> 0 | N21: ='TMC PFS inputs'!N21 -> 0 | O21: ='TMC PFS inputs'!O21 -> 0 | P21: ='TMC PFS inputs'!P21 -> 0 | Q21: ='TMC PFS inputs'!Q21 -> 0 | R21: ='TMC PFS inputs'!R21 -> 0 | S21: ='TMC PFS inputs'!S21 -> 0 | ... AU21: ='TMC PFS inputs'!AU21 -> 0
C22: Closure/Decommisioning Phase
E23: Decommissioning Phase | G23: Binary | J23: =SUM($L23:$AU23) -> 10 | L23: ='TMC PFS inputs'!L23 -> 0 | M23: ='TMC PFS inputs'!M23 -> 0 | N23: ='TMC PFS inputs'!N23 -> 0 | O23: ='TMC PFS inputs'!O23 -> 0 | P23: ='TMC PFS inputs'!P23 -> 0 | Q23: ='TMC PFS inputs'!Q23 -> 0 | R23: ='TMC PFS inputs'!R23 -> 0 | S23: ='TMC PFS inputs'!S23 -> 0 | ... AU23: ='TMC PFS inputs'!AU23 -> 0
B25: Recovery Factors
C27: Nodule Composition
D28: Moisture
E29: Wet nodule moisture content | F29: ='TMC PFS inputs'!F29 -> 0.28 | G29: %
D30: Metal Grades
E31: Nickel | F31: ='Scenario Selector'!F29 -> 0.014 | G31: %
E32: Cobalt | F32: ='Scenario Selector'!F34 -> 0.0014 | G32: %
E33: Copper | F33: ='Scenario Selector'!F39 -> 0.0114 | G33: %
E34: Manganese | F34: ='Scenario Selector'!F44 -> 0.3115 | G34: %
C36: Nodule Metals Recovery
D37: Nodule to Alloy
E38: Nickel | F38: ='Scenario Selector'!F53 -> 0.9691 | G38: %
E39: Cobalt | F39: ='Scenario Selector'!F67 -> 0.9306 | G39: %
E40: Copper | F40: ='Scenario Selector'!F77 -> 0.9355 | G40: %
D41: Nodule to Matte
E42: Nickel | F42: ='Scenario Selector'!F58 -> 0.9476 | G42: %
E43: Cobalt | F43: ='Scenario Selector'!F69 -> 0.7754 | G43: %
E44: Copper | F44: ='Scenario Selector'!F79 -> 0.8643 | G44: %
D45: Nodule to Sulfate/Cathode
E46: Nickel (sulfate) | F46: ='Scenario Selector'!F60 -> 0.946 | G46: %
E47: Cobalt (sulfate) | F47: ='Scenario Selector'!F70 -> 0.772 | G47: %
E48: Copper (cathode) | F48: ='Scenario Selector'!F80 -> 0.862 | G48: %
D49: Nodule to Manganese Silicate
E50: Manganese Silicate | F50: ='TMC PFS inputs'!F50 -> 0.989 | G50: %
B52: Prices
C54: Payability Factors
D55: Metal in Alloy
E56: Nickel | F56: ='Scenario Selector'!F141 -> 0.65 | G56: %
E57: Cobalt | F57: ='Scenario Selector'!F147 -> 0.42 | G57: %
E58: Copper | F58: ='Scenario Selector'!F153 -> 0.5998 | G58: %
D59: Metal in Matte
E60: Nickel | F60: ='TMC PFS inputs'!F60 -> 0.8 | G60: %
E61: Cobalt | F61: ='TMC PFS inputs'!F61 -> 0.6 | G61: %
E62: Copper | F62: ='TMC PFS inputs'!F62 -> 0.7 | G62: %
D63: Metal in Sulfate/Cathode
E64: Nickel (sulfate) | F64: ='TMC PFS inputs'!F64 -> 1 | G64: %
E65: Cobalt (sulfate) | F65: ='TMC PFS inputs'!F65 -> 1 | G65: %
E66: Copper (cathode) | F66: ='TMC PFS inputs'!F66 -> 1 | G66: %
D67: Manganese Silicate
E68: Manganese Silicate | F68: ='TMC PFS inputs'!F68 -> 1 | G68: %
C70: Metal Prices
D71: Pure metal prices (LME)
E72: Nickel Price | G72: US$/t | N72: ='Scenario Selector'!N106 -> 18833 | O72: ='Scenario Selector'!O106 -> 18833 | P72: ='Scenario Selector'!P106 -> 18833 | Q72: ='Scenario Selector'!Q106 -> 18833 | R72: ='Scenario Selector'!R106 -> 18833 | S72: ='Scenario Selector'!S106 -> 20706 | T72: ='Scenario Selector'!T106 -> 20706 | U72: ='Scenario Selector'!U106 -> 20706 | ... AU72: ='Scenario Selector'!AU106 -> 0
E73: Cobalt Price | G73: US$/t | N73: ='Scenario Selector'!N118 -> 34172 | O73: ='Scenario Selector'!O118 -> 34172 | P73: ='Scenario Selector'!P118 -> 34172 | Q73: ='Scenario Selector'!Q118 -> 34172 | R73: ='Scenario Selector'!R118 -> 34172 | S73: ='Scenario Selector'!S118 -> 53124 | T73: ='Scenario Selector'!T118 -> 53124 | U73: ='Scenario Selector'!U118 -> 53124 | ... AU73: ='Scenario Selector'!AU118 -> 0
E74: Copper Cathode Price | G74: US$/t | N74: ='Scenario Selector'!N124 -> 11317 | O74: ='Scenario Selector'!O124 -> 11317 | P74: ='Scenario Selector'!P124 -> 11317 | Q74: ='Scenario Selector'!Q124 -> 11317 | R74: ='Scenario Selector'!R124 -> 11317 | S74: ='Scenario Selector'!S124 -> 11456 | T74: ='Scenario Selector'!T124 -> 11456 | U74: ='Scenario Selector'!U124 -> 11456 | ... AU74: ='Scenario Selector'!AU124 -> 0
D75: Manganese
E76: Manganese Silicate | G76: US$/t | I76: Assuming same ratio between Mn price and Mn Silicate as assumed in PFS | N76: =IFERROR(N77*'TMC PFS inputs'!N76/'TMC PFS inputs'!N77,0) -> 529 | O76: =IFERROR(O77*'TMC PFS inputs'!O76/'TMC PFS inputs'!O77,0) -> 529 | P76: =IFERROR(P77*'TMC PFS inputs'!P76/'TMC PFS inputs'!P77,0) -> 529 | Q76: =IFERROR(Q77*'TMC PFS inputs'!Q76/'TMC PFS inputs'!Q77,0) -> 529 | R76: =IFERROR(R77*'TMC PFS inputs'!R76/'TMC PFS inputs'!R77,0) -> 529 | S76: =IFERROR(S77*'TMC PFS inputs'!S76/'TMC PFS inputs'!S77,0) -> 544 | T76: =IFERROR(T77*'TMC PFS inputs'!T76/'TMC PFS inputs'!T77,0) -> 544 | U76: =IFERROR(U77*'TMC PFS inputs'!U76/'TMC PFS inputs'!U77,0) -> 544 | ... AU76: =IFERROR(AU77*'TMC PFS inputs'!AU76/'TMC PFS inputs'!AU77,0) -> 0
E77: Manganese Silicate | G77: US$/dmtu | N77: ='Scenario Selector'!N131 -> 5.29 | O77: ='Scenario Selector'!O131 -> 5.29 | P77: ='Scenario Selector'!P131 -> 5.29 | Q77: ='Scenario Selector'!Q131 -> 5.29 | R77: ='Scenario Selector'!R131 -> 5.29 | S77: ='Scenario Selector'!S131 -> 5.44 | T77: ='Scenario Selector'!T131 -> 5.44 | U77: ='Scenario Selector'!U131 -> 5.44 | ... AU77: ='Scenario Selector'!AU131 -> 0
D78: Sulfates
E79: Nickel Sulfate Premium | G79: % | N79: ='Scenario Selector'!N112 -> 0.041947645 | O79: ='Scenario Selector'!O112 -> 0.041947645 | P79: ='Scenario Selector'!P112 -> 0.041947645 | Q79: ='Scenario Selector'!Q112 -> 0.041947645 | R79: ='Scenario Selector'!R112 -> 0.041947645 | S79: ='Scenario Selector'!S112 -> 0.062832029 | T79: ='Scenario Selector'!T112 -> 0.062832029 | U79: ='Scenario Selector'!U112 -> 0.062832029 | ... AU79: ='Scenario Selector'!AU112 -> 0
E80: Nickel Sulfate | G80: US$/t | N80: =(1+N79)*N72 -> 19623 | O80: =(1+O79)*O72 -> 19623 | P80: =(1+P79)*P72 -> 19623 | Q80: =(1+Q79)*Q72 -> 19623 | R80: =(1+R79)*R72 -> 19623 | S80: =(1+S79)*S72 -> 22007 | T80: =(1+T79)*T72 -> 22007 | U80: =(1+U79)*U72 -> 22007 | ... AU80: =(1+AU79)*AU72 -> 0
E81: Cobalt Sulfate Premium | G81: % | N81: ='TMC PFS inputs'!N80/'TMC PFS inputs'!N73 -1 -> -0.082670022 | O81: ='TMC PFS inputs'!O80/'TMC PFS inputs'!O73 -1 -> -0.082670022 | P81: ='TMC PFS inputs'!P80/'TMC PFS inputs'!P73 -1 -> -0.082670022 | Q81: ='TMC PFS inputs'!Q80/'TMC PFS inputs'!Q73 -1 -> -0.082670022 | R81: ='TMC PFS inputs'!R80/'TMC PFS inputs'!R73 -1 -> -0.082670022 | S81: ='TMC PFS inputs'!S80/'TMC PFS inputs'!S73 -1 -> -0.033657104 | T81: ='TMC PFS inputs'!T80/'TMC PFS inputs'!T73 -1 -> -0.033657104 | U81: ='TMC PFS inputs'!U80/'TMC PFS inputs'!U73 -1 -> -0.033657104 | ... AF81: ='TMC PFS inputs'!AF80/'TMC PFS inputs'!AF73 -1 -> 0
E82: Cobalt Sulfate | G82: US$/t | N82: =IFERROR(N73*(1+N81),0) -> 31347 | O82: =IFERROR(O73*(1+O81),0) -> 31347 | P82: =IFERROR(P73*(1+P81),0) -> 31347 | Q82: =IFERROR(Q73*(1+Q81),0) -> 31347 | R82: =IFERROR(R73*(1+R81),0) -> 31347 | S82: =IFERROR(S73*(1+S81),0) -> 51336 | T82: =IFERROR(T73*(1+T81),0) -> 51336 | U82: =IFERROR(U73*(1+U81),0) -> 51336 | ... AU82: =IFERROR(AU73*(1+AU81),0) -> 0
B84: Production & Offtake Volumes
C86: Production Vehicles
D87: Year Online
E88: PV1 (Hidden Gem) | F88: ='TMC PFS inputs'!F86 -> 2027 | G88: year
E89: PV2 | F89: ='TMC PFS inputs'!F87 -> 2030 | G89: year
E90: PV3 | F90: ='TMC PFS inputs'!F88 -> 2031 | G90: year
E91: PV4 | F91: ='TMC PFS inputs'!F89 -> 2031 | G91: year
C93: Nodule extraction
E94: Total Wet Nodules Collected (Target) | G94: Mwtpa | J94: =SUM($L94:$AU94) -> 164.1 | L94: ='Scenario Selector'!L89 -> 0 | M94: ='Scenario Selector'!M89 -> 0 | N94: ='Scenario Selector'!N89 -> 0.2 | O94: ='Scenario Selector'!O89 -> 1 | P94: ='Scenario Selector'!P89 -> 2 | Q94: ='Scenario Selector'!Q89 -> 5 | R94: ='Scenario Selector'!R89 -> 11 | S94: ='Scenario Selector'!S89 -> 10.5 | ... AU94: ='Scenario Selector'!AU89 -> 0
E95: Adjustment for abundance | F95: ='Scenario Selector'!F96 -> 1
C97: Processing Capacities
D98: Alloy/Matte Production
E99: PAMCO (Japan) | F99: ='TMC PFS inputs'!F98 -> 1.3 | G99: Mwtpa
E100: Proportion of nodules processed by PAMCO which are processed to matte (rather than just alloy) | G100: % | L100: ='TMC PFS inputs'!L99 -> 0 | M100: ='TMC PFS inputs'!M99 -> 0 | N100: ='TMC PFS inputs'!N99 -> 0 | O100: ='TMC PFS inputs'!O99 -> 0 | P100: ='TMC PFS inputs'!P99 -> 0.5 | Q100: ='TMC PFS inputs'!Q99 -> 1 | R100: ='TMC PFS inputs'!R99 -> 1 | S100: ='TMC PFS inputs'!S99 -> 1 | ... AU100: ='TMC PFS inputs'!AU99 -> 1
E101: Indonesian RKEF | F101: ='TMC PFS inputs'!F100 -> 12 | G101: Mwtpa
D102: Refined Metals Production
E103: US - Unit 1 | F103: ='TMC PFS inputs'!F102 -> 6 | G103: Mwtpa
E104: US - Unit 2 | F104: ='TMC PFS inputs'!F103 -> 6 | G104: Mwtpa
B106: Capital Costs
C108: System #1
D109: Direct
E110: Production Vessel | F110: ='TMC PFS inputs'!F128 -> -468.4 | G110: US$M
E111: Transfer Vessel/Bulk Carriers | F111: ='TMC PFS inputs'!F129 -> -89.6 | G111: US$M
E112: Support Vessel | F112: ='TMC PFS inputs'!F130 -> -15.2 | G112: US$M
E113: Processing | F113: ='TMC PFS inputs'!F131 -> 0 | G113: US$M
E114: Operations Facilities initial setup | F114: ='TMC PFS inputs'!F132 -> -2.3 | G114: US$M
E115: Total Direct | F115: =SUM(F110:F114) -> -575.5 | G115: US$M
...

Sheet Calcs & Results >>>

Sheet Calculations
A2: Calculations
L3: PP1 | M3: PP2 | N3: 0 | O3: 1 | P3: 2 | Q3: 3 | R3: 4 | S3: 5 | T3: 6 | U3: 7 | V3: 8 | W3: 9 | X3: 10 | Y3: 11 | Z3: 12 | AA3: 13 | AB3: 14 | AC3: 15 | AD3: 16 | AE3: 17 | AF3: 18 | AG3: 19 | AH3: 20 | AI3: 21 | AJ3: 22 | AK3: 23 | AL3: 24 | AM3: 25 | AN3: 26 | AO3: 27 | AP3: 28 | AQ3: 29 | AR3: 30 | AS3: 31 | AT3: 32 | AU3: 33
E4: Row Description | F4: Single figure | G4: Units | I4: Comments | J4: Row Total | L4: 2025 | M4: 2026 | N4: 2027 | O4: 2028 | P4: 2029 | Q4: 2030 | R4: 2031 | S4: 2032 | T4: 2033 | U4: 2034 | V4: 2035 | W4: 2036 | X4: 2037 | Y4: 2038 | Z4: 2039 | AA4: 2040 | AB4: 2041 | AC4: 2042 | AD4: 2043 | AE4: 2044 | AF4: 2045 | AG4: 2046 | AH4: 2047 | AI4: 2048 | AJ4: 2049 | AK4: 2050 | AL4: 2051 | AM4: 2052 | AN4: 2053 | AO4: 2054 | AP4: 2055 | AQ4: 2056 | AR4: 2057 | AS4: 2058 | AT4: 2059 | AU4: 2060
B6: Phase Flags
C8: Development Phase
E9: Development Phase | G9: Binary | J9: =SUM($L9:$AU9) -> 2 | L9: ='Active Model Inputs'!L9 -> 1 | M9: ='Active Model Inputs'!M9 -> 1 | N9: ='Active Model Inputs'!N9 -> 0 | O9: ='Active Model Inputs'!O9 -> 0 | P9: ='Active Model Inputs'!P9 -> 0 | Q9: ='Active Model Inputs'!Q9 -> 0 | R9: ='Active Model Inputs'!R9 -> 0 | S9: ='Active Model Inputs'!S9 -> 0 | ... AU9: ='Active Model Inputs'!AU9 -> 0
C10: Operations Phase
E11: Operations Phase | G11: Binary | J11: =SUM($L11:$AU11) -> 19 | L11: ='Active Model Inputs'!L11 -> 0 | M11: ='Active Model Inputs'!M11 -> 0 | N11: ='Active Model Inputs'!N11 -> 1 | O11: ='Active Model Inputs'!O11 -> 1 | P11: ='Active Model Inputs'!P11 -> 1 | Q11: ='Active Model Inputs'!Q11 -> 1 | R11: ='Active Model Inputs'!R11 -> 1 | S11: ='Active Model Inputs'!S11 -> 1 | ... AU11: ='Active Model Inputs'!AU11 -> 0
E12: Sustaining CAPEX incurred (Maintenance) | G12: Binary | J12: =SUM($L12:$AU12) -> 10 | L12: ='Active Model Inputs'!L12 -> 0 | M12: ='Active Model Inputs'!M12 -> 0 | N12: ='Active Model Inputs'!N12 -> 0 | O12: ='Active Model Inputs'!O12 -> 0 | P12: ='Active Model Inputs'!P12 -> 0 | Q12: ='Active Model Inputs'!Q12 -> 0 | R12: ='Active Model Inputs'!R12 -> 0 | S12: ='Active Model Inputs'!S12 -> 1 | ... AU12: ='Active Model Inputs'!AU12 -> 0
D13: Offtake
E14: Alloy Offtake | G14: Binary | J14: =SUM($L14:$AU14) -> 3 | L14: ='Active Model Inputs'!L14 -> 0 | M14: ='Active Model Inputs'!M14 -> 0 | N14: ='Active Model Inputs'!N14 -> 1 | O14: ='Active Model Inputs'!O14 -> 1 | P14: ='Active Model Inputs'!P14 -> 1 | Q14: ='Active Model Inputs'!Q14 -> 0 | R14: ='Active Model Inputs'!R14 -> 0 | S14: ='Active Model Inputs'!S14 -> 0 | ... AU14: ='Active Model Inputs'!AU14 -> 0
E15: Matte Offtake | G15: Binary | J15: =SUM($L15:$AU15) -> 8 | L15: ='Active Model Inputs'!L15 -> 0 | M15: ='Active Model Inputs'!M15 -> 0 | N15: ='Active Model Inputs'!N15 -> 0 | O15: ='Active Model Inputs'!O15 -> 0 | P15: ='Active Model Inputs'!P15 -> 1 | Q15: ='Active Model Inputs'!Q15 -> 1 | R15: ='Active Model Inputs'!R15 -> 1 | S15: ='Active Model Inputs'!S15 -> 1 | ... AU15: ='Active Model Inputs'!AU15 -> 0
E16: Refined Metals Offtake | G16: Binary | J16: =SUM($L16:$AU16) -> 13 | L16: ='Active Model Inputs'!L16 -> 0 | M16: ='Active Model Inputs'!M16 -> 0 | N16: ='Active Model Inputs'!N16 -> 0 | O16: ='Active Model Inputs'!O16 -> 0 | P16: ='Active Model Inputs'!P16 -> 0 | Q16: ='Active Model Inputs'!Q16 -> 0 | R16: ='Active Model Inputs'!R16 -> 0 | S16: ='Active Model Inputs'!S16 -> 0 | ... AU16: ='Active Model Inputs'!AU16 -> 0
D17: Active Processing Plants
E18: PAMCO | G18: Binary | J18: =SUM($L18:$AU18) -> 6 | L18: ='Active Model Inputs'!L18 -> 0 | M18: ='Active Model Inputs'!M18 -> 0 | N18: ='Active Model Inputs'!N18 -> 1 | O18: ='Active Model Inputs'!O18 -> 1 | P18: ='Active Model Inputs'!P18 -> 1 | Q18: ='Active Model Inputs'!Q18 -> 1 | R18: ='Active Model Inputs'!R18 -> 1 | S18: ='Active Model Inputs'!S18 -> 1 | ... AU18: ='Active Model Inputs'!AU18 -> 0
E19: Indonesia | G19: Binary | J19: =SUM($L19:$AU19) -> 19 | L19: ='Active Model Inputs'!L19 -> 0 | M19: ='Active Model Inputs'!M19 -> 0 | N19: ='Active Model Inputs'!N19 -> 1 | O19: ='Active Model Inputs'!O19 -> 1 | P19: ='Active Model Inputs'!P19 -> 1 | Q19: ='Active Model Inputs'!Q19 -> 1 | R19: ='Active Model Inputs'!R19 -> 1 | S19: ='Active Model Inputs'!S19 -> 1 | ... AU19: ='Active Model Inputs'!AU19 -> 0
E20: US Refinery 1 | G20: Binary | J20: =SUM($L20:$AU20) -> 13 | L20: ='Active Model Inputs'!L20 -> 0 | M20: ='Active Model Inputs'!M20 -> 0 | N20: ='Active Model Inputs'!N20 -> 0 | O20: ='Active Model Inputs'!O20 -> 0 | P20: ='Active Model Inputs'!P20 -> 0 | Q20: ='Active Model Inputs'!Q20 -> 0 | R20: ='Active Model Inputs'!R20 -> 0 | S20: ='Active Model Inputs'!S20 -> 0 | ... AU20: ='Active Model Inputs'!AU20 -> 0
E21: US Refinery 2 | G21: Binary | J21: =SUM($L21:$AU21) -> 9 | L21: ='Active Model Inputs'!L21 -> 0 | M21: ='Active Model Inputs'!M21 -> 0 | N21: ='Active Model Inputs'!N21 -> 0 | O21: ='Active Model Inputs'!O21 -> 0 | P21: ='Active Model Inputs'!P21 -> 0 | Q21: ='Active Model Inputs'!Q21 -> 0 | R21: ='Active Model Inputs'!R21 -> 0 | S21: ='Active Model Inputs'!S21 -> 0 | ... AU21: ='Active Model Inputs'!AU21 -> 0
C22: Closure/Decommisioning Phase
E23: Decommissioning Phase | G23: Binary | J23: =SUM($L23:$AU23) -> 10 | L23: ='Active Model Inputs'!L23 -> 0 | M23: ='Active Model Inputs'!M23 -> 0 | N23: ='Active Model Inputs'!N23 -> 0 | O23: ='Active Model Inputs'!O23 -> 0 | P23: ='Active Model Inputs'!P23 -> 0 | Q23: ='Active Model Inputs'!Q23 -> 0 | R23: ='Active Model Inputs'!R23 -> 0 | S23: ='Active Model Inputs'!S23 -> 0 | ... AU23: ='Active Model Inputs'!AU23 -> 0
B25: Recovery Factors
C27: Nodule Composition
D28: Moisture
E29: Wet nodule moisture content | F29: ='Active Model Inputs'!F29 -> 0.28 | G29: %
D30: Resource grades
E31: Nickel | F31: ='Active Model Inputs'!F31 -> 0.014 | G31: %
E32: Cobalt | F32: ='Active Model Inputs'!F32 -> 0.0014 | G32: %
E33: Copper | F33: ='Active Model Inputs'!F33 -> 0.0114 | G33: %
E34: Manganese | F34: ='Active Model Inputs'!F34 -> 0.3115 | G34: %
C36: Nodule Metals Recovery
D37: Nodule to Alloy
E38: Nickel | F38: ='Active Model Inputs'!F38 -> 0.9691 | G38: %
E39: Cobalt | F39: ='Active Model Inputs'!F39 -> 0.9306 | G39: %
E40: Copper | F40: ='Active Model Inputs'!F40 -> 0.9355 | G40: %
D41: Nodule to Matte
E42: Nickel | F42: ='Active Model Inputs'!F42 -> 0.9476 | G42: %
E43: Cobalt | F43: ='Active Model Inputs'!F43 -> 0.7754 | G43: %
E44: Copper | F44: ='Active Model Inputs'!F44 -> 0.8643 | G44: %
D45: Nodule to Sulfate/Cathode
E46: Nickel (sulfate) | F46: ='Active Model Inputs'!F46 -> 0.946 | G46: %
E47: Cobalt (sulfate) | F47: ='Active Model Inputs'!F47 -> 0.772 | G47: %
E48: Copper (cathode) | F48: ='Active Model Inputs'!F48 -> 0.862 | G48: %
D49: Nodule to Manganese Silicate
E50: Manganese Silicate | F50: ='Active Model Inputs'!F50 -> 0.989 | G50: %
B52: Prices
C54: Payability Factors
D55: Metal in Alloy
E56: Nickel | F56: ='Active Model Inputs'!F56 -> 0.65 | G56: %
E57: Cobalt | F57: ='Active Model Inputs'!F57 -> 0.42 | G57: % | AV57: ='Active Model Inputs'!AV57 -> 0 | AW57: ='Active Model Inputs'!AW57 -> 0 | AX57: ='Active Model Inputs'!AX57 -> 0 | AY57: ='Active Model Inputs'!AY57 -> 0 | AZ57: ='Active Model Inputs'!AZ57 -> 0 | BA57: ='Active Model Inputs'!BA57 -> 0 | BB57: ='Active Model Inputs'!BB57 -> 0 | BC57: ='Active Model Inputs'!BC57 -> 0 | ... XFD57: ='Active Model Inputs'!XFD57 -> 0
E58: Copper | F58: ='Active Model Inputs'!F58 -> 0.5998 | G58: %
D59: Metal in Matte
E60: Nickel | F60: ='Active Model Inputs'!F60 -> 0.8 | G60: %
E61: Cobalt | F61: ='Active Model Inputs'!F61 -> 0.6 | G61: %
E62: Copper | F62: ='Active Model Inputs'!F62 -> 0.7 | G62: %
D63: Metal in Sulfate/Cathode
E64: Nickel (sulfate) | F64: ='Active Model Inputs'!F64 -> 1 | G64: %
E65: Cobalt (sulfate) | F65: ='Active Model Inputs'!F65 -> 1 | G65: %
E66: Copper (cathode) | F66: ='Active Model Inputs'!F66 -> 1 | G66: %
D67: Manganese Silicate
E68: Manganese Silicate | F68: ='Active Model Inputs'!F68 -> 1 | G68: %
C70: All-in recovered, payable metal
D71: Metal in Alloy
E72: Nickel | F72: =(1-F$29)*F31*F38*F56 -> 0.0063495432 | G72: % of wet nodule
E73: Cobalt | F73: =(1-F$29)*F32*F39*F57 -> 0.00039397882 | G73: % of wet nodule
E74: Copper | F74: =(1-F$29)*F33*F40*F58 -> 0.0046056147 | G74: % of wet nodule
D75: Metal in Matte
E76: Nickel | F76: =(1-F$29)*F31*F42*F60 -> 0.0076414464 | G76: % of wet nodule
E77: Cobalt | F77: =(1-F$29)*F32*F43*F61 -> 0.00046896192 | G77: % of wet nodule
E78: Copper | F78: =(1-F$29)*F33*F44*F62 -> 0.0049659221 | G78: % of wet nodule
D79: Metal in Sulfate/Cathode
E80: Nickel (sulfate) | F80: =(1-F$29)*F31*F46*F64 -> 0.00953568 | G80: % of wet nodule
E81: Cobalt (sulfate) | F81: =(1-F$29)*F32*F47*F65 -> 0.000778176 | G81: % of wet nodule
E82: Copper (cathode) | F82: =(1-F$29)*F33*F48*F66 -> 0.007075296 | G82: % of wet nodule
D83: Manganese Silicate
E84: Manganese Silicate | F84: =(1-F$29)*F34*F50*F68 -> 0.22181292 | G84: % of wet nodule
C86: Metal Prices
D87: Pure metal prices (LME)
E88: Nickel Price | G88: US$/t | N88: ='Active Model Inputs'!N72 -> 18833 | O88: ='Active Model Inputs'!O72 -> 18833 | P88: ='Active Model Inputs'!P72 -> 18833 | Q88: ='Active Model Inputs'!Q72 -> 18833 | R88: ='Active Model Inputs'!R72 -> 18833 | S88: ='Active Model Inputs'!S72 -> 20706 | T88: ='Active Model Inputs'!T72 -> 20706 | U88: ='Active Model Inputs'!U72 -> 20706 | ... AF88: ='Active Model Inputs'!AF72 -> 20360
E89: Cobalt Price | G89: US$/t | N89: ='Active Model Inputs'!N73 -> 34172 | O89: ='Active Model Inputs'!O73 -> 34172 | P89: ='Active Model Inputs'!P73 -> 34172 | Q89: ='Active Model Inputs'!Q73 -> 34172 | R89: ='Active Model Inputs'!R73 -> 34172 | S89: ='Active Model Inputs'!S73 -> 53124 | T89: ='Active Model Inputs'!T73 -> 53124 | U89: ='Active Model Inputs'!U73 -> 53124 | ... AF89: ='Active Model Inputs'!AF73 -> 62530
E90: Copper Cathode Price | G90: US$/t | N90: ='Active Model Inputs'!N74 -> 11317 | O90: ='Active Model Inputs'!O74 -> 11317 | P90: ='Active Model Inputs'!P74 -> 11317 | Q90: ='Active Model Inputs'!Q74 -> 11317 | R90: ='Active Model Inputs'!R74 -> 11317 | S90: ='Active Model Inputs'!S74 -> 11456 | T90: ='Active Model Inputs'!T74 -> 11456 | U90: ='Active Model Inputs'!U74 -> 11456 | ... AF90: ='Active Model Inputs'!AF74 -> 11456
D91: Manganese
E92: Manganese | G92: US$/t | N92: ='Active Model Inputs'!N76 -> 529 | O92: ='Active Model Inputs'!O76 -> 529 | P92: ='Active Model Inputs'!P76 -> 529 | Q92: ='Active Model Inputs'!Q76 -> 529 | R92: ='Active Model Inputs'!R76 -> 529 | S92: ='Active Model Inputs'!S76 -> 544 | T92: ='Active Model Inputs'!T76 -> 544 | U92: ='Active Model Inputs'!U76 -> 544 | ... AF92: ='Active Model Inputs'!AF76 -> 550
E93: Manganese Silicate | G93: US$/dmtu | N93: ='Active Model Inputs'!N77 -> 5.29 | O93: ='Active Model Inputs'!O77 -> 5.29 | P93: ='Active Model Inputs'!P77 -> 5.29 | Q93: ='Active Model Inputs'!Q77 -> 5.29 | R93: ='Active Model Inputs'!R77 -> 5.29 | S93: ='Active Model Inputs'!S77 -> 5.44 | T93: ='Active Model Inputs'!T77 -> 5.44 | U93: ='Active Model Inputs'!U77 -> 5.44 | ... AF93: ='Active Model Inputs'!AF77 -> 5.5
D94: Sulfates
E95: Nickel Sulfate | G95: US$/t | N95: ='Active Model Inputs'!N80 -> 19623 | O95: ='Active Model Inputs'!O80 -> 19623 | P95: ='Active Model Inputs'!P80 -> 19623 | Q95: ='Active Model Inputs'!Q80 -> 19623 | R95: ='Active Model Inputs'!R80 -> 19623 | S95: ='Active Model Inputs'!S80 -> 22007 | T95: ='Active Model Inputs'!T80 -> 22007 | U95: ='Active Model Inputs'!U80 -> 22007 | ... AF95: ='Active Model Inputs'!AF80 -> 21835
E96: Cobalt Sulfate | G96: US$/t | N96: ='Active Model Inputs'!N82 -> 31347 | O96: ='Active Model Inputs'!O82 -> 31347 | P96: ='Active Model Inputs'!P82 -> 31347 | Q96: ='Active Model Inputs'!Q82 -> 31347 | R96: ='Active Model Inputs'!R82 -> 31347 | S96: ='Active Model Inputs'!S82 -> 51336 | T96: ='Active Model Inputs'!T82 -> 51336 | U96: ='Active Model Inputs'!U82 -> 51336 | ... AF96: ='Active Model Inputs'!AF82 -> 62530
B98: Production & Offtake Volumes
C100: Production Vehicles
D101: Year Online
E102: PV1 (Hidden Gem) | F102: ='Active Model Inputs'!F88 -> 2027 | G102: year
E103: PV2 | F103: ='Active Model Inputs'!F89 -> 2030 | G103: year
E104: PV3 | F104: ='Active Model Inputs'!F90 -> 2031 | G104: year
E105: PV4 | F105: ='Active Model Inputs'!F91 -> 2031 | G105: year
C107: Nodule extraction
E108: Total Wet Nodules Collected - Target | G108: Mwtpa | J108: =SUM($L108:$AU108) -> 164.1 | L108: ='Active Model Inputs'!L94 -> 0 | M108: ='Active Model Inputs'!M94 -> 0 | N108: ='Active Model Inputs'!N94 -> 0.2 | O108: ='Active Model Inputs'!O94 -> 1 | P108: ='Active Model Inputs'!P94 -> 2 | Q108: ='Active Model Inputs'!Q94 -> 5 | R108: ='Active Model Inputs'!R94 -> 11 | S108: ='Active Model Inputs'!S94 -> 10.5 | ... AU108: ='Active Model Inputs'!AU94 -> 0
E109: Adjustment for abundance | F109: ='Active Model Inputs'!F95 -> 1 | G109: %
E110: Total Wet Nodules Collected - Adjusted | G110: Mwtpa | J110: =SUM($L110:$AU110) -> 164.1 | L110: =L108*$F$109 -> 0 | M110: =M108*$F$109 -> 0 | N110: =N108*$F$109 -> 0.2 | O110: =O108*$F$109 -> 1 | P110: =P108*$F$109 -> 2 | Q110: =Q108*$F$109 -> 5 | R110: =R108*$F$109 -> 11 | S110: =S108*$F$109 -> 10.5 | ... AU110: =AU108*$F$109 -> 0
C112: Processing Capacities
D113: Alloy/Matte Production
E114: PAMCO (Japan) | F114: ='Active Model Inputs'!F99 -> 1.3 | G114: Mwtpa
...

Sheet Results
A2: Results
L3: PP1 | M3: PP2 | N3: 0 | O3: 1 | P3: 2 | Q3: 3 | R3: 4 | S3: 5 | T3: 6 | U3: 7 | V3: 8 | W3: 9 | X3: 10 | Y3: 11 | Z3: 12 | AA3: 13 | AB3: 14 | AC3: 15 | AD3: 16 | AE3: 17 | AF3: 18 | AG3: 19 | AH3: 20 | AI3: 21 | AJ3: 22 | AK3: 23 | AL3: 24 | AM3: 25 | AN3: 26 | AO3: 27 | AP3: 28 | AQ3: 29 | AR3: 30 | AS3: 31 | AT3: 32 | AU3: 33
E4: Row Description | F4: Single figure | G4: Units | J4: Row Total | L4: 2025 | M4: 2026 | N4: 2027 | O4: 2028 | P4: 2029 | Q4: 2030 | R4: 2031 | S4: 2032 | T4: 2033 | U4: 2034 | V4: 2035 | W4: 2036 | X4: 2037 | Y4: 2038 | Z4: 2039 | AA4: 2040 | AB4: 2041 | AC4: 2042 | AD4: 2043 | AE4: 2044 | AF4: 2045 | AG4: 2046 | AH4: 2047 | AI4: 2048 | AJ4: 2049 | AK4: 2050 | AL4: 2051 | AM4: 2052 | AN4: 2053 | AO4: 2054 | AP4: 2055 | AQ4: 2056 | AR4: 2057 | AS4: 2058 | AT4: 2059 | AU4: 2060
B6: Revenues
E7: Nickel | G7: US$M | J7: =SUM($L7:$AU7) -> 31427.674 | L7: =Calculations!L159 -> 0 | M7: =Calculations!M159 -> 0 | N7: =Calculations!N159 -> 23.916189 | O7: =Calculations!O159 -> 119.58095 | P7: =Calculations!P159 -> 272.00795 | Q7: =Calculations!Q159 -> 719.5568 | R7: =Calculations!R159 -> 1583.025 | S7: =Calculations!S159 -> 1661.3498 | ... AU7: =Calculations!AU159 -> 0
E8: Cobalt | G8: US$M | J8: =SUM($L8:$AU8) -> 6432.2379 | L8: =Calculations!L160 -> 0 | M8: =Calculations!M160 -> 0 | N8: =Calculations!N160 -> 2.6926088 | O8: =Calculations!O160 -> 13.463044 | P8: =Calculations!P160 -> 30.385224 | Q8: =Calculations!Q160 -> 80.126834 | R8: =Calculations!R160 -> 176.27903 | S8: =Calculations!S160 -> 261.5879 | ... AU8: =Calculations!AU160 -> 0
E9: Copper | G9: US$M | J9: =SUM($L9:$AU9) -> 12091.344 | L9: =Calculations!L161 -> 0 | M9: =Calculations!M161 -> 0 | N9: =Calculations!N161 -> 10.424348 | O9: =Calculations!O161 -> 52.121741 | P9: =Calculations!P161 -> 109.74824 | Q9: =Calculations!Q161 -> 280.9967 | R9: =Calculations!R161 -> 618.19274 | S9: =Calculations!S161 -> 597.34084 | ... AU9: =Calculations!AU161 -> 0
E10: Manganese | G10: US$M | J10: =SUM($L10:$AU10) -> 19844.449 | L10: =Calculations!L162 -> 0 | M10: =Calculations!M162 -> 0 | N10: =Calculations!N162 -> 23.467807 | O10: =Calculations!O162 -> 117.33903 | P10: =Calculations!P162 -> 234.67807 | Q10: =Calculations!Q162 -> 586.69517 | R10: =Calculations!R162 -> 1290.7294 | S10: =Calculations!S162 -> 1266.9954 | ... AU10: =Calculations!AU162 -> 0
E11: Total | G11: US$M | J11: =SUM($L11:$AU11) -> 69795.704 | L11: =SUM(L7:L10) -> 0 | M11: =SUM(M7:M10) -> 0 | N11: =SUM(N7:N10) -> 60.500953 | O11: =SUM(O7:O10) -> 302.50477 | P11: =SUM(P7:P10) -> 646.81949 | Q11: =SUM(Q7:Q10) -> 1667.3755 | R11: =SUM(R7:R10) -> 3668.2261 | S11: =SUM(S7:S10) -> 3787.2739 | ... AU11: =SUM(AU7:AU10) -> 0
B13: Capital Costs
E14: Project CAPEX | G14: US$M | J14: =SUM($L14:$AU14) -> -4917.6 | L14: =Calculations!L209 -> -175.6 | M14: =Calculations!M209 -> -206.3 | N14: =Calculations!N209 -> -92.5 | O14: =Calculations!O209 -> -105.6 | P14: =Calculations!P209 -> -177 | Q14: =Calculations!Q209 -> -206.6 | R14: =Calculations!R209 -> -292.1 | S14: =Calculations!S209 -> -557.3 | ... AU14: =Calculations!AU209 -> 0
E15: Sustaining Capital Cost | G15: US$M | J15: =SUM($L15:$AU15) -> -1550 | L15: =Calculations!L214 -> 0 | M15: =Calculations!M214 -> 0 | N15: =Calculations!N214 -> 0 | O15: =Calculations!O214 -> 0 | P15: =Calculations!P214 -> 0 | Q15: =Calculations!Q214 -> 0 | R15: =Calculations!R214 -> 0 | S15: =Calculations!S214 -> -155 | ... AU15: =Calculations!AU214 -> 0
E16: Closure Cost | G16: US$M | J16: =SUM($L16:$AU16) -> -115 | L16: =Calculations!L224 -> 0 | M16: =Calculations!M224 -> 0 | N16: =Calculations!N224 -> 0 | O16: =Calculations!O224 -> 0 | P16: =Calculations!P224 -> 0 | Q16: =Calculations!Q224 -> 0 | R16: =Calculations!R224 -> 0 | S16: =Calculations!S224 -> 0 | ... AU16: =Calculations!AU224 -> 0
E17: Total | G17: US$M | J17: =SUM($L17:$AU17) -> -6582.6 | L17: =SUM(L14:L16) -> -175.6 | M17: =SUM(M14:M16) -> -206.3 | N17: =SUM(N14:N16) -> -92.5 | O17: =SUM(O14:O16) -> -105.6 | P17: =SUM(P14:P16) -> -177 | Q17: =SUM(Q14:Q16) -> -206.6 | R17: =SUM(R14:R16) -> -292.1 | S17: =SUM(S14:S16) -> -712.3 | ... AU17: =SUM(AU14:AU16) -> 0
B19: Operating Costs
E20: Collection Costs | G20: US$M | J20: =SUM($L20:$AU20) -> -12343.5 | L20: =Calculations!L248 -> 0 | M20: =Calculations!M248 -> 0 | N20: =Calculations!N248 -> -32.9 | O20: =Calculations!O248 -> -131.8 | P20: =Calculations!P248 -> -131.8 | Q20: =Calculations!Q248 -> -414.5 | R20: =Calculations!R248 -> -1010 | S20: =Calculations!S248 -> -1004.5 | ... AU20: =Calculations!AU248 -> 0
E21: Transfer & Shipping | G21: US$M | J21: =SUM($L21:$AU21) -> -3070.6 | L21: =Calculations!L263 -> 0 | M21: =Calculations!M263 -> 0 | N21: =Calculations!N263 -> -9.4896119 | O21: =Calculations!O263 -> -47.448059 | P21: =Calculations!P263 -> -66.947681 | Q21: =Calculations!Q263 -> -110.86998 | R21: =Calculations!R263 -> -211.71459 | S21: =Calculations!S263 -> -203.31087 | ... AU21: =Calculations!AU263 -> 0
E22: Contractor (Offshore) Costs | G22: US$M | J22: =SUM($L22:$AU22) -> -1855.1 | L22: =Calculations!L273 -> 0 | M22: =Calculations!M273 -> 0 | N22: =Calculations!N273 -> -14.900803 | O22: =Calculations!O273 -> -45.602458 | P22: =Calculations!P273 -> -59.303197 | Q22: =Calculations!Q273 -> -91.304922 | R22: =Calculations!R273 -> -149.10804 | S22: =Calculations!S273 -> -117.70635 | ... AU22: =Calculations!AU273 -> 0
E23: Total Consumables (offshore fuel) Costs | G23: US$M | J23: =SUM($L23:$AU23) -> -3848.3 | L23: =Calculations!L279 -> 0 | M23: =Calculations!M279 -> 0 | N23: =Calculations!N279 -> -4.6901889 | O23: =Calculations!O279 -> -23.450945 | P23: =Calculations!P279 -> -46.901889 | Q23: =Calculations!Q279 -> -117.25472 | R23: =Calculations!R279 -> -257.96039 | S23: =Calculations!S279 -> -246.23492 | ... AU23: =Calculations!AU279 -> 0
E24: Total Processing Cost | G24: US$M | J24: =SUM($L24:$AU24) -> -13621 | L24: =Calculations!L290 -> 0 | M24: =Calculations!M290 -> 0 | N24: =Calculations!N290 -> -26.054054 | O24: =Calculations!O290 -> -130.27027 | P24: =Calculations!P290 -> -249.81853 | Q24: =Calculations!Q290 -> -514.28571 | R24: =Calculations!R290 -> -994.28571 | S24: =Calculations!S290 -> -954.28571 | ... AU24: =Calculations!AU290 -> 0
E25: Total Refining Cost | G25: US$M | J25: =SUM($L25:$AU25) -> -3253.8 | L25: =Calculations!L303 -> 0 | M25: =Calculations!M303 -> 0 | N25: =Calculations!N303 -> 0 | O25: =Calculations!O303 -> 0 | P25: =Calculations!P303 -> 0 | Q25: =Calculations!Q303 -> -10.1 | R25: =Calculations!R303 -> -39.5 | S25: =Calculations!S303 -> -39.7 | ... AU25: =Calculations!AU303 -> 0
E26: Total Corporate Costs | G26: US$M | J26: =SUM($L26:$AU26) -> -1984.5822 | L26: =Calculations!L313 -> 0 | M26: =Calculations!M313 -> 0 | N26: =Calculations!N313 -> -55.013367 | O26: =Calculations!O313 -> -61.414922 | P26: =Calculations!P313 -> -66.116064 | Q26: =Calculations!Q313 -> -83.820366 | R26: =Calculations!R313 -> -119.02892 | S26: =Calculations!S313 -> -114.92792 | ... AU26: =Calculations!AU313 -> 0
E27: Total | G27: US$M | J27: =SUM($L27:$AU27) -> -39976.882 | L27: =SUM(L20:L26) -> 0 | M27: =SUM(M20:M26) -> 0 | N27: =SUM(N20:N26) -> -143.04802 | O27: =SUM(O20:O26) -> -439.98665 | P27: =SUM(P20:P26) -> -620.88736 | Q27: =SUM(Q20:Q26) -> -1342.1357 | R27: =SUM(R20:R26) -> -2781.5977 | S27: =SUM(S20:S26) -> -2680.6658 | ... AU27: =SUM(AU20:AU26) -> 0
B29: Royalties
E30: Total | G30: US$M | J30: =SUM($L30:$AU30) -> -672.45347 | L30: =Calculations!L334 -> -0.625 | M30: =Calculations!M334 -> -0.625 | N30: =Calculations!N334 -> -2.1375238 | O30: =Calculations!O334 -> -9.4376192 | P30: =Calculations!P334 -> -19.295487 | Q30: =Calculations!Q334 -> -26.467194 | R30: =Calculations!R334 -> -33.551413 | S30: =Calculations!S334 -> -36.795462 | ... AU30: =Calculations!AU334 -> 0
B32: EBITDA
E33: EBITDA | G33: US$M | J33: =SUM($L33:$AU33) -> 29146.369 | L33: =L11+L27+L30 -> -0.625 | M33: =M11+M27+M30 -> -0.625 | N33: =N11+N27+N30 -> -84.684595 | O33: =O11+O27+O30 -> -146.91951 | P33: =P11+P27+P30 -> 6.6366345 | Q33: =Q11+Q27+Q30 -> 298.7726 | R33: =R11+R27+R30 -> 853.07705 | S33: =S11+S27+S30 -> 1069.8127 | ... AU33: =AU11+AU27+AU30 -> 0
B35: Depreciation
E36: Total | G36: US$M | J36: =SUM($L36:$AU36) -> -6582.6 | L36: =Calculations!L374 -> 0 | M36: =Calculations!M374 -> 0 | N36: =Calculations!N374 -> -25.873684 | O36: =Calculations!O374 -> -25.873684 | P36: =Calculations!P374 -> -25.873684 | Q36: =Calculations!Q374 -> -25.873684 | R36: =Calculations!R374 -> -25.873684 | S36: =Calculations!S374 -> -34.031579 | ... AU36: =Calculations!AU374 -> 0
B38: EBIT
E39: EBIT | G39: US$M | J39: =SUM($L39:$AU39) -> 22563.769 | L39: =L33+L36 -> -0.625 | M39: =M33+M36 -> -0.625 | N39: =N33+N36 -> -110.55828 | O39: =O33+O36 -> -172.79319 | P39: =P33+P36 -> -19.23705 | Q39: =Q33+Q36 -> 272.89892 | R39: =R33+R36 -> 827.20337 | S39: =S33+S36 -> 1035.7811 | ... AU39: =AU33+AU36 -> 0
B41: Taxation
E42: Total | G42: US$M | J42: =SUM($L42:$AU42) -> -4920.334 | L42: =Calculations!L390 -> 0 | M42: =Calculations!M390 -> 0 | N42: =Calculations!N390 -> 0 | O42: =Calculations!O390 -> 0 | P42: =Calculations!P390 -> 0 | Q42: =Calculations!Q390 -> 0 | R42: =Calculations!R390 -> -167.21539 | S42: =Calculations!S390 -> -217.51403 | ... AU42: =Calculations!AU390 -> 0
B44: Free Cash flow
E45: Free Cash Flow | G45: US$M | J45: =SUM($L45:$AU45) -> 17643.435 | L45: =L33+L42+L14+L15+L16 -> -176.225 | M45: =M33+M42+M14+M15+M16 -> -206.925 | N45: =N33+N42+N14+N15+N16 -> -177.1846 | O45: =O33+O42+O14+O15+O16 -> -252.51951 | P45: =P33+P42+P14+P15+P16 -> -170.36337 | Q45: =Q33+Q42+Q14+Q15+Q16 -> 92.172605 | R45: =R33+R42+R14+R15+R16 -> 393.76166 | S45: =S33+S42+S14+S15+S16 -> 139.99865 | ... AU45: =AU33+AU42+AU14+AU15+AU16 -> 0
E46: Cumulative FCF | G46: US$M | L46: =K46+L45 -> -176.225 | M46: =L46+M45 -> -383.15 | N46: =M46+N45 -> -560.3346 | O46: =N46+O45 -> -812.8541 | P46: =O46+P45 -> -983.21747 | Q46: =P46+Q45 -> -891.04486 | R46: =Q46+R45 -> -497.2832 | S46: =R46+S45 -> -357.28455 | ... AU46: =AT46+AU45 -> 17643.435
B48: Financial Assumptions
E49: Discount Rate | F49: ='Active Model Inputs'!F232 -> 0.08 | G49: %
E50: Investment Year | F50: ='Active Model Inputs'!F233 -> 2025 | G50: year
B52: NPV & IRR
E53: Discounted Free Cash Flow | G53: US$M | J53: =SUM($L53:$AU53) -> 5268.6175 | L53: =Calculations!L406 -> -176.225 | M53: =Calculations!M406 -> -191.59722 | N53: =Calculations!N406 -> -151.90723 | O53: =Calculations!O406 -> -200.45813 | P53: =Calculations!P406 -> -125.22216 | Q53: =Calculations!Q406 -> 62.731126 | R53: =Calculations!R406 -> 248.13664 | S53: =Calculations!S406 -> 81.687867 | ... AU53: =Calculations!AU406 -> 0
E54: Cumulative Discounted FCF | G54: US$M | L54: =K54+L53 -> -176.225 | M54: =L54+M53 -> -367.82222 | N54: =M54+N53 -> -519.72945 | O54: =N54+O53 -> -720.18758 | P54: =O54+P53 -> -845.40974 | Q54: =P54+Q53 -> -782.67861 | R54: =Q54+R53 -> -534.54197 | S54: =R54+S53 -> -452.85411 | ... AU54: =AT54+AU53 -> 5268.6175
E55: NPV | F55: =J53 -> 5268.6175 | G55: US$M
E56: IRR | F56: =IRR(L45:AU45) -> 0.29641269 | G56: %

Sheet Results - Reconciled
A2: Results - Reconciled (Only relevant for Base Case / PFS 2025 scenario)
L3: PP1 | M3: PP2 | N3: 0 | O3: 1 | P3: 2 | Q3: 3 | R3: 4 | S3: 5 | T3: 6 | U3: 7 | V3: 8 | W3: 9 | X3: 10 | Y3: 11 | Z3: 12 | AA3: 13 | AB3: 14 | AC3: 15 | AD3: 16 | AE3: 17 | AF3: 18 | AG3: 19 | AH3: 20 | AI3: 21 | AJ3: 22 | AK3: 23 | AL3: 24 | AM3: 25 | AN3: 26 | AO3: 27 | AP3: 28 | AQ3: 29 | AR3: 30 | AS3: 31 | AT3: 32 | AU3: 33
E4: Row Description | F4: Single figure | G4: Units | H4: Source | J4: Row Total | L4: 2025 | M4: 2026 | N4: 2027 | O4: 2028 | P4: 2029 | Q4: 2030 | R4: 2031 | S4: 2032 | T4: 2033 | U4: 2034 | V4: 2035 | W4: 2036 | X4: 2037 | Y4: 2038 | Z4: 2039 | AA4: 2040 | AB4: 2041 | AC4: 2042 | AD4: 2043 | AE4: 2044 | AF4: 2045 | AG4: 2046 | AH4: 2047 | AI4: 2048 | AJ4: 2049 | AK4: 2050 | AL4: 2051 | AM4: 2052 | AN4: 2053 | AO4: 2054 | AP4: 2055 | AQ4: 2056 | AR4: 2057 | AS4: 2058 | AT4: 2059 | AU4: 2060
B6: Explainer
E7: Note that in Table 19.9, there is a significant difference between the project Free Cash Flow stated explicitly and the free cash flow obtained by adding revenue, operational costs, royalties, taxes and capital costs (See Table 19.9 tab of this workbook). In this sheet we subtract this discrepancy from our model's calculated Free Cash Flow in order to ensure that the model does, to the best of our ability and given the available information, accurately model the project in question and produce similar outputs.
B9: Free Cash flow
E10: Calculated Free Cash Flow | G10: US$M | J10: =SUM($L10:$AU10) -> 17643.435 | L10: =Results!L45 -> -176.225 | M10: =Results!M45 -> -206.925 | N10: =Results!N45 -> -177.1846 | O10: =Results!O45 -> -252.51951 | P10: =Results!P45 -> -170.36337 | Q10: =Results!Q45 -> 92.172605 | R10: =Results!R45 -> 393.76166 | S10: =Results!S45 -> 139.99865 | ... AU10: =Results!AU45 -> 0
E11: Unexplained difference between calculated and stated FCF | G11: US$M | H11: Table 19.9. Explicit FCF - (revenue + operating costs + royalties + taxes + capital costs) | J11: =SUM($L11:$AU11) -> -170.9 | L11: =-'PFS Table 19.9'!L18 -> -0.1 | M11: =-'PFS Table 19.9'!M18 -> -0.1 | N11: =-'PFS Table 19.9'!N18 -> 4 | O11: =-'PFS Table 19.9'!O18 -> -9.9 | P11: =-'PFS Table 19.9'!P18 -> -42.8 | Q11: =-'PFS Table 19.9'!Q18 -> -112.3 | R11: =-'PFS Table 19.9'!R18 -> -229.5 | S11: =-'PFS Table 19.9'!S18 -> -12.8 | ... AU11: =-'PFS Table 19.9'!AU18 -> 0
E12: Reconciled Free Cash Flow | G12: US$M | J12: =SUM($L12:$AU12) -> 17472.535 | L12: =L10+L11 -> -176.325 | M12: =M10+M11 -> -207.025 | N12: =N10+N11 -> -173.1846 | O12: =O10+O11 -> -262.41951 | P12: =P10+P11 -> -213.16337 | Q12: =Q10+Q11 -> -20.127395 | R12: =R10+R11 -> 164.26166 | S12: =S10+S11 -> 127.19865 | ... AU12: =AU10+AU11 -> 0
B14: Financial Assumptions
E15: Discount Rate | F15: ='Active Model Inputs'!F232 -> 0.08 | G15: %
E16: Investment Year | F16: ='Active Model Inputs'!F233 -> 2025 | G16: year
B18: NPV & IRR
E19: Discounted Free Cash Flow | G19: US$M | J19: =SUM($L19:$AU19) -> 4967.8911 | L19: =L12*Calculations!L402 -> -176.325 | M19: =M12*Calculations!M402 -> -191.68981 | N19: =N12*Calculations!N402 -> -148.47788 | O19: =O12*Calculations!O402 -> -208.31706 | P19: =P12*Calculations!P402 -> -156.68144 | Q19: =Q12*Calculations!Q402 -> -13.698367 | R19: =R12*Calculations!R402 -> 103.51271 | S19: =S12*Calculations!S402 -> 74.21919 | ... AU19: =AU12*Calculations!AU402 -> 0
E20: Cumulative Discounted FCF | G20: US$M | L20: =K20+L19 -> -176.325 | M20: =L20+M19 -> -368.01481 | N20: =M20+N19 -> -516.49269 | O20: =N20+O19 -> -724.80976 | P20: =O20+P19 -> -881.49119 | Q20: =P20+Q19 -> -895.18956 | R20: =Q20+R19 -> -791.67685 | S20: =R20+S19 -> -717.45766 | ... AU20: =AT20+AU19 -> 4967.8911
E21: NPV | F21: =J19 -> 4967.8911 | G21: US$M
E22: IRR | F22: =IRR(L12:AU12) -> 0.27102623 | G22: %

Sheet Results Comparison
A2: Results Comparison
D4: Unit | F4: Current Model | G4: Copy and "Paste Values" to new column -> | H4: PFS 2025 (Explicit, Table 19.9) | I4: PFS 2025 (Model, Reconciled) | J4: PFS 2025 (Model) | K4: Likely Scenario | L4: Conservative Scenario
B6: Totals (undiscounted) | C6: Revenue | D6: US$M | F6: =Results!J11 -> 69795.704 | H6: 72957.8 | I6: 69795.704 | J6: 69795.704 | K6: 54311.167 | L6: 42130.396
C7: Capital Costs | D7: US$M | F7: =Results!J17 -> -6582.6 | H7: -6582.8 | I7: -6582.6 | J7: -6582.6 | K7: -7097.486 | L7: -7869.473
C8: Operating Costs | D8: US$M | F8: =Results!J27 -> -39976.882 | H8: -39977.8 | I8: -39976.9 | J8: -39976.9 | K8: -39131.211 | L8: -44411.67
C9: Royalties | D9: US$M | F9: =Results!J30 -> -672.45347 | H9: -659.1 | I9: -672.45347 | J9: -672.45347 | K9: -566.32842 | L9: -2351.5609
C10: Tax | D10: US$M | F10: =Results!J42 -> -4920.334 | H10: -5645.3 | I10: -4920.3304 | J10: -4920.3304 | K10: -1884.9584 | L10: 0
C11: Free Cash Flow | D11: US$M | F11: =Results!J45 -> 17643.435 | H11: 19922.1 | I11: 17472.52 | J11: 17643.42 | K11: 5631.1829 | L11: -12502.308
C12: NPV | D12: US$M | F12: =Results!F55 -> 5268.6175 | H12: 5508 | I12: 4967.8848 | J12: 5268.6112 | K12: -984.69525 | L12: -3528.0068
C13: IRR | D13: % | F13: =Results!F56 -> 0.29641269 | H13: 0.268 | I13: 0.2710259 | J13: 0.29641233 | K13: 0.089128365 | L13: #NUM!

Sheet FCF Comparison
A2: Free Cash Flow Comparison
L3: PP1 | M3: PP2 | N3: 0 | O3: 1 | P3: 2 | Q3: 3 | R3: 4 | S3: 5 | T3: 6 | U3: 7 | V3: 8 | W3: 9 | X3: 10 | Y3: 11 | Z3: 12 | AA3: 13 | AB3: 14 | AC3: 15 | AD3: 16 | AE3: 17 | AF3: 18 | AG3: 19 | AH3: 20 | AI3: 21 | AJ3: 22 | AK3: 23 | AL3: 24 | AM3: 25 | AN3: 26 | AO3: 27 | AP3: 28 | AQ3: 29 | AR3: 30 | AS3: 31 | AT3: 32 | AU3: 33
E4: Row Description | G4: Units | J4: Total | L4: 2025 | M4: 2026 | N4: 2027 | O4: 2028 | P4: 2029 | Q4: 2030 | R4: 2031 | S4: 2032 | T4: 2033 | U4: 2034 | V4: 2035 | W4: 2036 | X4: 2037 | Y4: 2038 | Z4: 2039 | AA4: 2040 | AB4: 2041 | AC4: 2042 | AD4: 2043 | AE4: 2044 | AF4: 2045 | AG4: 2046 | AH4: 2047 | AI4: 2048 | AJ4: 2049 | AK4: 2050 | AL4: 2051 | AM4: 2052 | AN4: 2053 | AO4: 2054 | AP4: 2055 | AQ4: 2056 | AR4: 2057 | AS4: 2058 | AT4: 2059 | AU4: 2060
C6: Undiscounted
D8: Yearly non-cumulative FCF
E9: Active Model | G9: US$M | J9: =SUM($L9:$AP9) -> 17643.435 | L9: =Results!L45 -> -176.225 | M9: =Results!M45 -> -206.925 | N9: =Results!N45 -> -177.1846 | O9: =Results!O45 -> -252.51951 | P9: =Results!P45 -> -170.36337 | Q9: =Results!Q45 -> 92.172605 | R9: =Results!R45 -> 393.76166 | S9: =Results!S45 -> 139.99865 | ... AU9: =Results!AU45 -> 0
E10: Copy and "Paste Values" below
E11: PFS Table 19.9 | G11: US$M | J11: =SUM($L11:$AP11) -> 19922.4 | L11: -176.3 | M11: -207 | N11: -191.9 | O11: -325.5 | P11: -262.2 | Q11: -48.6 | R11: 361.3 | S11: 81.4 | T11: 409.5 | U11: 529.6 | V11: 561.3 | W11: 674.8 | X11: 1073.5 | Y11: 1566.5 | Z11: 1580.3 | AA11: 1707.9 | AB11: 2290.5 | AC11: 2022.3 | AD11: 1933.9 | AE11: 1990 | AF11: 1489.4 | AG11: 2466.3 | AH11: 487.4 | AI11: -11.5 | AJ11: -11.5 | AK11: -11.5 | AL11: -11.5 | AM11: -11.5 | AN11: -11.5 | AO11: -11.5 | AP11: -11.5 | AQ11: 0 | AR11: 0 | AS11: 0 | AT11: 0 | AU11: 0
E12: PFS (Model) | G12: US$M | J12: =SUM($L12:$AP12) -> 17643.42 | L12: -176.225 | M12: -206.925 | N12: -177.18509 | O12: -252.52006 | P12: -170.36396 | Q12: 92.171853 | R12: 393.76132 | S12: 139.99783 | T12: 553.08737 | U12: 549.70752 | V12: 533.32468 | W12: 682.10674 | X12: 1096.1669 | Y12: 1617.9415 | Z12: 1619.6547 | AA12: 1764.4368 | AB12: 2444.5246 | AC12: 1980.793 | AD12: 1982.5061 | AE12: 2073.7522 | AF12: 1217.7062 | AG12: -11.5 | AH12: -11.5 | AI12: -11.5 | AJ12: -11.5 | AK12: -11.5 | AL12: -11.5 | AM12: -11.5 | AN12: -11.5 | AO12: -11.5 | AP12: -11.5 | AQ12: 0 | AR12: 0 | AS12: 0 | AT12: 0 | AU12: 0
E13: PFS (Model, Reconciled) | G13: US$M | J13: =SUM($L13:$AP13) -> 17472.535 | L13: -176.325 | M13: -207.025 | N13: -173.1846 | O13: -262.41951 | P13: -213.16337 | Q13: -20.127395 | R13: 164.26166 | S13: 127.19865 | T13: 443.58818 | U13: 536.90834 | V13: 514.3255 | W13: 613.00761 | X13: 1088.3678 | Y13: 1592.0423 | Z13: 1608.3555 | AA13: 1738.2376 | AB13: 2321.1255 | AC13: 2056.4938 | AD13: 1970.407 | AE13: 2073.0531 | AF13: 1502.607 | AG13: -220.6 | AH13: 487.4 | AI13: -11.5 | AJ13: -11.5 | AK13: -11.5 | AL13: -11.5 | AM13: -11.5 | AN13: -11.5 | AO13: -11.5 | AP13: -11.5 | AQ13: 0 | AR13: 0 | AS13: 0 | AT13: 0 | AU13: 0
E14: Likely Scenario | G14: US$M | J14: =SUM($L14:$AP14) -> 5631.1829 | L14: -194.61079 | M14: -228.52517 | N14: -205.39122 | O14: -279.33888 | P14: -318.46254 | Q14: -415.81047 | R14: -686.11692 | S14: -761.11441 | T14: -144.31842 | U14: -9.6362436 | V14: -152.74541 | W14: -97.220092 | X14: 326.87355 | Y14: 876.00916 | Z14: 877.72231 | AA14: 1022.5045 | AB14: 1595.443 | AC14: 1238.8606 | AD14: 1240.5738 | AE14: 1331.8259 | AF14: 729.66061 | AG14: -11.5 | AH14: -11.5 | AI14: -11.5 | AJ14: -11.5 | AK14: -11.5 | AL14: -11.5 | AM14: -11.5 | AN14: -11.5 | AO14: -11.5 | AP14: -11.5 | AQ14: 0 | AR14: 0 | AS14: 0 | AT14: 0 | AU14: 0
E15: Conservative Scenario | G15: US$M | J15: =SUM($L15:$AP15) -> -12502.308 | L15: -222.17727 | M15: -260.91107 | N15: -368.45107 | O15: -550.70373 | P15: -643.03715 | Q15: -875.89348 | R15: -1465.236 | S15: -1724.1114 | T15: -1353.0692 | U15: -1316.147 | V15: -1338.8848 | W15: -1421.1078 | X15: -950.00663 | Y15: -310.14531 | Z15: -310.14531 | AA15: -129.04531 | AB15: 383.56258 | AC15: 142.65469 | AD15: 142.65469 | AE15: 212.09991 | AF15: -29.207277 | AG15: -11.5 | AH15: -11.5 | AI15: -11.5 | AJ15: -11.5 | AK15: -11.5 | AL15: -11.5 | AM15: -11.5 | AN15: -11.5 | AO15: -11.5 | AP15: -11.5 | AQ15: 0 | AR15: 0 | AS15: 0 | AT15: 0 | AU15: 0
D16: Yearly cumulative FCF
E17: Active Model | G17: US$M | L17: =K17+L9 -> -176.225 | M17: =L17+M9 -> -383.15 | N17: =M17+N9 -> -560.3346 | O17: =N17+O9 -> -812.8541 | P17: =O17+P9 -> -983.21747 | Q17: =P17+Q9 -> -891.04486 | R17: =Q17+R9 -> -497.2832 | S17: =R17+S9 -> -357.28455 | ... AU17: =AT17+AU9 -> 17643.435
E18: PFS Table 19.9 | G18: US$M | L18: =K18+L11 -> -176.3 | M18: =L18+M11 -> -383.3 | N18: =M18+N11 -> -575.2 | O18: =N18+O11 -> -900.7 | P18: =O18+P11 -> -1162.9 | Q18: =P18+Q11 -> -1211.5 | R18: =Q18+R11 -> -850.2 | S18: =R18+S11 -> -768.8 | ... AU18: =AT18+AU11 -> 19922.4
E19: PFS (Model) | G19: US$M | L19: =K19+L12 -> -176.225 | M19: =L19+M12 -> -383.15 | N19: =M19+N12 -> -560.33509 | O19: =N19+O12 -> -812.85515 | P19: =O19+P12 -> -983.2191 | Q19: =P19+Q12 -> -891.04725 | R19: =Q19+R12 -> -497.28593 | S19: =R19+S12 -> -357.2881 | ... AU19: =AT19+AU12 -> 17643.42
E20: PFS (Model, Reconciled) | G20: US$M | L20: =K20+L13 -> -176.325 | M20: =L20+M13 -> -383.35 | N20: =M20+N13 -> -556.5346 | O20: =N20+O13 -> -818.9541 | P20: =O20+P13 -> -1032.1175 | Q20: =P20+Q13 -> -1052.2449 | R20: =Q20+R13 -> -887.9832 | S20: =R20+S13 -> -760.78455 | ... AU20: =AT20+AU13 -> 17472.535
E21: Likely Scenario | G21: US$M | L21: =K21+L14 -> -194.61079 | M21: =L21+M14 -> -423.13596 | N21: =M21+N14 -> -628.52718 | O21: =N21+O14 -> -907.86606 | P21: =O21+P14 -> -1226.3286 | Q21: =P21+Q14 -> -1642.1391 | R21: =Q21+R14 -> -2328.256 | S21: =R21+S14 -> -3089.3704 | ... AU21: =AT21+AU14 -> 5631.1829
E22: Conservative Scenario | G22: US$M | L22: =K22+L15 -> -222.17727 | M22: =L22+M15 -> -483.08834 | N22: =M22+N15 -> -851.53941 | O22: =N22+O15 -> -1402.2431 | P22: =O22+P15 -> -2045.2803 | Q22: =P22+Q15 -> -2921.1738 | R22: =Q22+R15 -> -4386.4097 | S22: =R22+S15 -> -6110.5212 | ... AU22: =AT22+AU15 -> -12502.308
C24: Discounted
D26: Yearly non-cumulative FCF
E27: Active Model | G27: US$M | J27: =SUM($L27:$AP27) -> 5268.6175 | L27: =Calculations!L406 -> -176.225 | M27: =Calculations!M406 -> -191.59722 | N27: =Calculations!N406 -> -151.90723 | O27: =Calculations!O406 -> -200.45813 | P27: =Calculations!P406 -> -125.22216 | Q27: =Calculations!Q406 -> 62.731126 | R27: =Calculations!R406 -> 248.13664 | S27: =Calculations!S406 -> 81.687867 | ... AU27: =Calculations!AU406 -> 0
E28: Copy and "Paste Values" below
E29: PFS Table 19.9 | G29: US$M | J29: =SUM($L29:$AP29) -> 5419.9908 | L29: -176.3 | M29: -191.66667 | N29: -164.52332 | O29: -258.39239 | P29: -192.72483 | Q29: -33.076343 | R29: 227.68029 | S29: 47.496118 | T29: 221.24011 | U29: 264.93185 | V29: 259.9905 | W29: 289.41015 | X29: 426.30162 | Y29: 575.9988 | Z29: 538.03058 | AA29: 538.40131 | AB29: 668.57512 | AC29: 546.5649 | AD29: 483.9566 | AE29: 461.10701 | AF29: 319.5481 | AG29: 489.94467 | AH29: 89.652603 | AI29: -1.9586258 | AJ29: -1.8135424 | AK29: -1.6792059 | AL29: -1.5548203 | AM29: -1.4396484 | AN29: -1.3330078 | AO29: -1.2342665 | AP29: -1.1428393 | AQ29: 0 | AR29: 0 | AS29: 0 | AT29: 0 | AU29: 0
E30: PFS (Model) | G30: US$M | J30: =SUM($L30:$AP30) -> 5268.6112 | L30: -176.225 | M30: -191.59722 | N30: -151.90765 | O30: -200.45856 | P30: -125.2226 | Q30: 62.730614 | R30: 248.13642 | S30: 81.687391 | T30: 298.81589 | U30: 274.99062 | V30: 247.03252 | W30: 292.54389 | X30: 435.30297 | Y30: 594.91374 | Z30: 551.42932 | AA30: 556.22407 | AB30: 713.53343 | AC30: 535.34684 | AD30: 496.12024 | AE30: 480.51341 | AF30: 261.25669 | AG30: -2.2845411 | AH30: -2.1153158 | AI30: -1.9586258 | AJ30: -1.8135424 | AK30: -1.6792059 | AL30: -1.5548203 | AM30: -1.4396484 | AN30: -1.3330078 | AO30: -1.2342665 | AP30: -1.1428393 | AQ30: 0 | AR30: 0 | AS30: 0 | AT30: 0 | AU30: 0
E31: PFS (Model, Reconciled) | G31: US$M | J31: =SUM($L31:$AP31) -> 4967.8911 | L31: -176.325 | M31: -191.68981 | N31: -148.47788 | O31: -208.31706 | P31: -156.68144 | Q31: -13.698367 | R31: 103.51271 | S31: 74.21919 | T31: 239.65689 | U31: 268.58784 | V31: 238.23222 | W31: 262.90846 | X31: 432.20581 | Y31: 585.39066 | Z31: 547.58238 | AA31: 547.965 | AB31: 677.51441 | AC31: 555.80642 | AD31: 493.09243 | AE31: 480.3514 | AF31: 322.38164 | AG31: -43.823458 | AH31: 89.652603 | AI31: -1.9586258 | AJ31: -1.8135424 | AK31: -1.6792059 | AL31: -1.5548203 | AM31: -1.4396484 | AN31: -1.3330078 | AO31: -1.2342665 | AP31: -1.1428393 | AQ31: 0 | AR31: 0 | AS31: 0 | AT31: 0 | AU31: 0
E32: Likely Scenario | G32: US$M | J32: =SUM($L32:$AP32) -> -984.69525 | L32: -194.61079 | M32: -193.37042 | N32: -147.05978 | O32: -169.2386 | P32: -163.26098 | Q32: -180.37465 | R32: -251.84551 | S32: -236.39705 | T32: -37.928867 | U32: -2.1429493 | V32: -28.742749 | W32: -15.480044 | X32: 44.040471 | Y32: 99.87041 | Z32: 84.672297 | AA32: 83.465199 | AB32: 110.19897 | AC32: 72.406023 | AD32: 61.352302 | AE32: 55.732912 | AF32: 25.836947 | AG32: -0.34456737 | AH32: -0.29156149 | AI32: -0.24670967 | AJ32: -0.20875755 | AK32: -0.17664372 | AL32: -0.14947006 | AM32: -0.12647661 | AN32: -0.10702032 | AO32: -0.090557048 | AP32: -0.076626373 | AQ32: 0 | AR32: 0 | AS32: 0 | AT32: 0 | AU32: 0
E33: Conservative Scenario | G33: US$M | J33: =SUM($L33:$AP33) -> -3528.0068 | L33: -222.17727 | M33: -215.04276 | N33: -250.29055 | O33: -308.32943 | P33: -296.73266 | Q33: -333.12935 | R33: -459.30534 | S33: -445.44243 | T33: -288.12343 | U33: -230.99111 | V33: -193.67182 | W33: -169.42698 | X33: -93.350036 | Y33: -25.118019 | Z33: -20.702258 | AA33: -7.099488 | AB33: 17.392154 | AC33: 5.3313295 | AD33: 4.3940788 | AE33: 5.3846141 | AF33: -0.61113546 | AG33: -0.1983246 | AH33: -0.16345903 | AI33: -0.13472284 | AJ33: -0.11103849 | AK33: -0.091517863 | AL33: -0.075428972 | AM33: -0.062168518 | AN33: -0.051239258 | AO33: -0.042231368 | AP33: -0.034807071 | AQ33: 0 | AR33: 0 | AS33: 0 | AT33: 0 | AU33: 0
D34: Yearly cumulative FCF
E35: Active Model | G35: US$M | L35: =K35+L27 -> -176.225 | M35: =L35+M27 -> -367.82222 | N35: =M35+N27 -> -519.72945 | O35: =N35+O27 -> -720.18758 | P35: =O35+P27 -> -845.40974 | Q35: =P35+Q27 -> -782.67861 | R35: =Q35+R27 -> -534.54197 | S35: =R35+S27 -> -452.85411 | ... AU35: =AT35+AU27 -> 5268.6175
E36: PFS Table 19.9 | G36: US$M | L36: =K36+L29 -> -176.3 | M36: =L36+M29 -> -367.96667 | N36: =M36+N29 -> -532.48999 | O36: =N36+O29 -> -790.88238 | P36: =O36+P29 -> -983.60721 | Q36: =P36+Q29 -> -1016.6836 | R36: =Q36+R29 -> -789.00327 | S36: =R36+S29 -> -741.50715 | ... AU36: =AT36+AU29 -> 5419.9908
E37: PFS (Model) | G37: US$M | L37: =K37+L30 -> -176.225 | M37: =L37+M30 -> -367.82222 | N37: =M37+N30 -> -519.72988 | O37: =N37+O30 -> -720.18844 | P37: =O37+P30 -> -845.41104 | Q37: =P37+Q30 -> -782.68042 | R37: =Q37+R30 -> -534.544 | S37: =R37+S30 -> -452.85661 | ... AU37: =AT37+AU30 -> 5268.6112
E38: PFS (Model, Reconciled) | G38: US$M | L38: =K38+L31 -> -176.325 | M38: =L38+M31 -> -368.01481 | N38: =M38+N31 -> -516.49269 | O38: =N38+O31 -> -724.80976 | P38: =O38+P31 -> -881.49119 | Q38: =P38+Q31 -> -895.18956 | R38: =Q38+R31 -> -791.67685 | S38: =R38+S31 -> -717.45766 | ... AU38: =AT38+AU31 -> 4967.8911
E39: Likely Scenario | G39: US$M | L39: =K39+L32 -> -194.61079 | M39: =L39+M32 -> -387.98122 | N39: =M39+N32 -> -535.041 | O39: =N39+O32 -> -704.2796 | P39: =O39+P32 -> -867.54058 | Q39: =P39+Q32 -> -1047.9152 | R39: =Q39+R32 -> -1299.7607 | S39: =R39+S32 -> -1536.1578 | ... AU39: =AT39+AU32 -> -984.69525
E40: Conservative Scenario | G40: US$M | L40: =K40+L33 -> -222.17727 | M40: =L40+M33 -> -437.22003 | N40: =M40+N33 -> -687.51059 | O40: =N40+O33 -> -995.84002 | P40: =O40+P33 -> -1292.5727 | Q40: =P40+Q33 -> -1625.702 | R40: =Q40+R33 -> -2085.0074 | S40: =R40+S33 -> -2530.4498 | ... AU40: =AT40+AU33 -> -3528.0068

Sheet Research & Analysis >>>

Sheet Discount Rate
A2: Discount Rate
E4: Row Description | F4: Single figure | G4: Units | H4: Source | I4: Link | J4: Comments
B6: Note on Discount Rates
E7: The discount rate is one of the most important assumptions in a financial model because it has a significant impact on Net Present Value (NPV). It is used to convert future cash flows into present value. In project valuation, the discount rate reflects the annual return required by investors to justify committing capital to the project, taking into account the risk of the project and the opportunity cost of investing elsewhere. A higher discount rate reduces the present value of future cash flows and therefore lowers NPV.
E8: #VALUE!
B10: Summary
C11: Inflation
E12: Average yearly inflation over project life | F12: 0.023 | G12: % | H12: Congressional Budget Office - The Long-Term Budget Outlook: 2025 to 2055 | I12: https://www.cbo.gov/publication/61270 | J12: Taking US inflation as majority of nodules mined are ultimately refined in US, with resulting product likely sold in US
C13: Real Discount Rate | J13: Note that cash flows in the PFS (and therefore also in this model) are in real 2025 terms.
E14: PFS 2025 | F14: ='Scenario Selector'!F17 -> 0.08 | G14: %
E15: Likely Scenario | F15: =F32 -> 0.1818 | G15: %
E16: Conservative Scenario | F16: =F40 -> 0.21329855 | G16: %
E17: Iceberg Research | F17: 0.15 | G17: % | H17: Iceberg Research: The Metals Company ($TMC): a Remake of the Nautilus Fiasco | I17: https://iceberg-research.com/2025/05/27/the-metals-company-tmc-a-remake-of-the-nautilus-fiasco/ | J17: It is assumed that this proposed discount rate is a real discount rate, consistent with TMC’s 8% rate.
C18: Nominal Discount Rate
E20: Calculated discount rate - Likely Scenario | F20: =(1+F15)*(1+$F$12) -1 -> 0.2089814 | G20: % | J20: Not used in model, just for reference
E21: Calculated discount rate - Conservative Scenario | F21: =(1+F16)*(1+$F$12) -1 -> 0.24120442 | G21: %
E22: Iceberg Research | F22: =(1+F17)*(1+$F$12) -1 -> 0.17645 | G22: % | J22: Not used in model, just for reference
B24: Discount Rate Calculation
C25: Using Smith Methodology & Suggested Premia Directly
D26: Likely Scenario | H26: Smith, Larry (2016) - Presentation at MES CIM Vancouver, Pg 15 | I26: https://www.cimmes.org/wp-content/uploads/2016/09/Larry-Smith-Presentation.pdf | J26: <- Methodology for estimating a suitable project discount rate based on adding incremental risk premia
E27: WACC | F27: 0.082 | G27: % | H27: Metals & Mining company cost of capital (final column) | I27: https://pages.stern.nyu.edu/~adamodar/New_Home_Page/datafile/wacc.html
E28: Project Stage Premium | F28: =F46 -> 0.0575 | G28: % | H28: See below
E29: Technical Premium | F29: 0.01 | G29: % | H29: Pg 19 | I29: https://www.cimmes.org/wp-content/uploads/2016/09/Larry-Smith-Presentation.pdf | J29: This technology has never reached commercial scale before
E30: Remoteness Premium | F30: 0.01 | G30: % | H30: Pg 19 | I30: https://www.cimmes.org/wp-content/uploads/2016/09/Larry-Smith-Presentation.pdf | J30: Clarion Clipperton Zone
E31: Country Risk Premium | F31: =0.0246-0.0023 -> 0.0223 | G31: % | H31: Pg 20 and Damodaran CRPs (Jan '26) | I31: https://pages.stern.nyu.edu/~adamodar/New_Home_Page/datafile/ctryprem.html | J31: CRP = difference between Indonesia and US CRP as outlined on Pg 20 of presentation
E32: Total | F32: =SUM(F27:F31) -> 0.1818 | G32: %
D33: Conservative
E34: WACC | F34: =F27 -> 0.082 | G34: % | J34: Same as Likely Scenario
E35: Project Stage Premium | F35: =F50 -> 0.0825 | G35: % | H35: See below
E36: Technical Premium | F36: =F29 -> 0.01 | G36: % | J36: Same as Likely Scenario
E37: Remoteness Premium | F37: =F30 -> 0.01 | G37: % | J37: Same as Likely Scenario
E38: Country Risk Premium | F38: =F31 -> 0.0223 | G38: % | J38: Same as Likely Scenario
E39: Product premium | F39: ='Ovalle - Discount Rate by metal'!D30 -> 0.0064985507 | G39: % | H39: Ovalle, 2020 | I39: https://doi.org/10.36487/ACG_repo/2063_76 | J39: Premium due to the offtake of Nickel, Copper and Manganese. Note that this is the premium over and above the premium for offtaking base metals (already contained in WACC), to avoid double counting
E40: Total | F40: =SUM(F34:F39) -> 0.21329855
C42: Project Stage Premia
D43: PFS Stage
E44: Smith presentation 2016 | F44: 0.045 | G44: % | H44: Pg 18 | I44: https://www.cimmes.org/wp-content/uploads/2016/09/Larry-Smith-Presentation.pdf
E45: Taheri et al 2009 | F45: 0.07 | G45: % | H45: Taheri et al 2009 | I45: https://www.researchgate.net/publication/299049760_Risk-adjusted_discount_rate_estimation_for_evaluating_mining_projects
E46: Average | F46: =AVERAGE(F44:F45) -> 0.0575 | G46: %
D47: PEA Stage | H47: Page 8, section 3.4 e) | I47: https://mrmr.cim.org/media/1017/national-instrument-43-101.pdf | J47: This case case takes the premium for a project still in the PEA stage and has not yet reached PFS. Although the TMC study is presented as a Pre-Feasibility Study, its economic case relies materially on production from mineral resources that have not been converted into mineral reserves. This reduces the confidence normally associated with a reserve-backed PFS and makes the economic risk profile closer to a PEA / scoping-stage analysis. This treatment is consistent with Canadian disclosure cautionary language for economic analyses using mineral resources, which states that such analysis is preliminary in nature, that inferred mineral resources are “too speculative geologically” to have economic considerations applied to them that would enable them to be categorized as mineral reserves, and that “mineral resources that are not mineral reserves do not have demonstrated economic viability.”
E48: Smith presentation 2016 | F48: 0.055 | G48: % | H48: Pg 18 | I48: https://www.cimmes.org/wp-content/uploads/2016/09/Larry-Smith-Presentation.pdf
E49: Taheri et al 2009 | F49: 0.11 | G49: % | H49: Taheri et al 2009 | I49: https://www.researchgate.net/publication/299049760_Risk-adjusted_discount_rate_estimation_for_evaluating_mining_projects
E50: Average | F50: =AVERAGE(F48:F49) -> 0.0825 | G50: %

Sheet Nodule Characteristics
A2: Nodule Characteristics - Existing Literature
